 Seeded DCSS version 0.31-a0-845-g9abc20d24f (webtiles) character file.

Game seed: 4650116273386822121 (custom seed)

1947024 qw the Merry Gargoyle (level 27, 199/199 HPs)
             Began as a Gargoyle Hunter on Sept 29, 2023.
             Was a High Priest of Okawaru.
             Escaped with the Orb
             ... and 3 runes on Oct 1, 2023!
             The game lasted 00:27:53 (51571 turns).

qw the Merry Gargoyle (Gargoyle Hunter)            Turns: 51571, Time: 00:27:54

Health: 199/199    AC: 58    Str: 15    XL:     27
Magic:  31/31      EV: 33    Int: 18    God:    Okawaru [*****.]
Gold:   1220       SH:  0    Dex: 33    Spells: 26/26 levels left

rFire   + . .        t - +27 heavy crossbow "Sniper" {heavy, Acc+∞ SInv}
rCold   . . .        (shield currently unavailable)
rNeg    + . .        w - +5 ring mail {rF+}
rPois   inf          z - +2 helmet of Boliuq Ageps {Dex+4}
rElec   +            h - +2 cloak {Will+}
rCorr   .            b - +2 pair of gloves
SInv    +            g - +2 pair of boots
Will    +++..        s - amulet of faith
Stlth   +            y - ring of the Tortoise {AC+8}
HPRegen 0.53/turn    C - ring "Xuli" {Int+4 Dex+6}
MPRegen 0.22/turn

%: clarity, faith
@: flying
A: sickness immunity, AC +20, big wings, negative energy resistance 1,
electricity resistance, torment resistance 1, petrification resistance, clarity,
MP-powered wands
0: Orb of Zot
}: 3/15 runes: serpentine, barnacled, silver
a: Renounce Religion, Heroism, Finesse, Duel


You escaped.
You worshipped Okawaru.
Okawaru was extremely pleased with you.
You visited 9 branches of the dungeon, and saw 45 of its levels.
You visited the Abyss 2 times.
You also visited: Gauntlet.

You collected 6041 gold pieces.
You spent 4821 gold pieces at shops.


Innate Abilities, Weirdness & Mutations

You are immune to sickness and miasma.
Your stone body is resilient. (AC +20)
You are immune to poison.
Your large and strong wings let you fly.
You resist negative energy. (rN+)
You are resistant to electric shocks. (rElec)
You are resistant to unholy torment.
You are immune to petrification.
You possess an exceptional clarity of mind.
You expend magic power (3 MP) to strengthen your wands.


   Skills:
 O Level 27 Fighting
 O Level 27 Ranged Weapons
 + Level 18.5 Armour
 - Level 20.0 Dodging
 - Level 1.1 Stealth
 - Level 11.6 Invocations


You had 26 spell levels left.
You didn't know any spells.
Your spell library was empty.

Inventory:

Hand Weapons
 t - the +27 heavy crossbow "Sniper" (weapon) {heavy, Acc+∞ SInv}
   (You bought it in a shop on level 2 of the Orcish Mines)

   Acc+∞: It never misses its target.
   SInv:      It lets you see invisible.
Armour
 b - a +2 pair of gloves (worn)
 g - a +2 pair of boots (worn)
 h - a +2 cloak of willpower (worn)
 j - the +0 pair of gloves of Cocytus {rF+}
   (You acquired it on level 5 of the Vaults)

   rF+:       It protects you from fire.
 m - the +4 ring mail "Vamapno" {rElec Int+3 Slay+3}
   (You found it on level 11 of the Dungeon)

   Int+3:     It affects your intelligence (+3).
   Slay+3:    It affects your accuracy & damage with ranged weapons and melee
   (+3).
   rElec:     It insulates you from electricity.
 w - a +5 ring mail of fire resistance (worn)
 z - the +2 helmet of Boliuq Ageps (worn) {Dex+4}
   (Okawaru gifted it to you on level 5 of the Lair of Beasts)

   Dex+4:     It affects your dexterity (+4).
Jewellery
 e - the amulet "Mewnasim" {Acrobat -Cast rC+++ Dex+6 Slay-5}
   (You bought it in a shop on level 2 of the Vaults)

   [amulet of the acrobat]

   Acrobat:   It increases your evasion while moving and waiting.
   Dex+6:     It affects your dexterity (+6).
   Slay-5:    It affects your accuracy & damage with ranged weapons and melee
   (-5).
   rC+++:     It renders you almost immune to cold.
   -Cast:     It prevents spellcasting.
 f - the ring "Qephea" {Fire Int+2 Dex+3}
   (You found it in a Gauntlet)

   [ring of fire]

   Fire:      It enhances your fire magic.
   Int+2:     It affects your intelligence (+2).
   Dex+3:     It affects your dexterity (+3).
   rF+:       It protects you from fire.
   rC-:       It makes you vulnerable to cold.
 k - the ring of the Cast Vote {rF+ Str+5}
   (You found it in a Gauntlet)

   [ring of protection from fire]

   Str+5:     It affects your strength (+5).
   rF+:       It protects you from fire.
 q - an amulet of reflection
 s - an amulet of faith (around neck)
 x - the ring of Generosity {+Blink rF+ Will+ Int+5}
   (You found it on level 1 of the Realm of Zot)

   [ring of willpower]

   Int+5:     It affects your intelligence (+5).
   rF+:       It protects you from fire.
   Will+:     It increases your willpower.
   +Blink:    It lets you blink.
 y - the ring of the Tortoise (left hand) {AC+8}
   (You found it on level 5 of the Lair of Beasts)

   [ring of protection]

   AC+8:      It affects your AC (+8).
 C - the ring "Xuli" (right hand) {Int+4 Dex+6}
   (You found it on level 4 of the Snake Pit)

   [ring of dexterity]

   Int+4:     It affects your intelligence (+4).
   Dex+6:     It affects your dexterity (+6).
Wands
 v - a wand of digging (13)
Scrolls
 d - 15 scrolls of identify
 i - 2 scrolls of enchant armour
 r - 17 scrolls of teleportation
 u - 2 scrolls of brand weapon
 B - 5 scrolls of enchant weapon
Potions
 a - 2 potions of haste
 c - 7 potions of might
 l - 7 potions of enlightenment
 n - 4 potions of magic
 o - 7 potions of cancellation
 p - 19 potions of curing
 A - 4 potions of mutation

Dungeon Overview and Level Annotations

Branches:
Dungeon (15/15)            Temple (1/1) D:4            Lair (5/5) D:11
 Shoals (4/4) Lair:3        Snake (4/4) Lair:3        Slime (0/5) Lair:5
    Orc (2/2) D:11            Elf (0/3) Orc:2        Vaults (5/5) D:14
  Crypt (0/3) Vaults:2     Depths (4/4) D:15            Zot (5/5) Depths:4
Gauntlet (visited)

Altars:
Ashenzari
Cheibriados
Dithmenos
Elyvilon
Fedhas
Gozag
Hepliaklqana
Kikubaaqudgha
Makhleb
Nemelex Xobeh
Okawaru
Qazlal
Ru
Sif Muna
Trog
Uskayaw
Vehumet
Wu Jian
Xom
Yredelemnul
Zin
The Shining One

Shops:
D:2 (   D:8 ?   D:15 ?   Orc:2 *=([*   Shoals:2 !(   Shoals:3 (   Snake:1 *
Snake:4 *=   Vaults:1 (   Vaults:2 =   Depths:1 :   Depths:3 [((*(

Portals:
Hell: Depths:1 Depths:2 Depths:3 Depths:4
Abyss: Depths:1 Depths:3
Pandemonium: Depths:2
Ziggurat: Depths:4
Trove: Vaults:1 (give 8 potions of haste)

Annotations:
D:8 4 runed translucent doors, GreatCaesar's ghost, novice OpFE
D:11 2 transporters
D:12 2 transporters, MackTheFife's ghost, journeyman OgFi
Vaults:4 1 runed translucent door, TPoD's ghost, adept HOMo
Depths:2 1 runed translucent door
Depths:4 exclusions: great orb of eyes and 3 shining eyes


Message History

Enter note:
Enter note:
Enter note:
Enter note:
Enter note:
Enter note:
Enter note:
Enter note:
Enter note:
Enter note:
Enter note:
Enter note:
Enter note:
Enter note:
Enter note:
Enter note:
Enter note:
Enter note:
Enter note:
Enter note:
Enter note:
Enter note:
Enter note:
Enter note:
Enter note:
Enter note:
Enter note: You shoot a bolt.
The bolt hits the daeva!!
The daeva is moderately wounded.
You shoot a bolt. The bolt hits the daeva!!!!
You kill the daeva!
Okawaru accepts your kill.
What level of the Dungeon? (default 1, ? - help)
A Brimstone Fiend comes into view.
You shoot a bolt. The bolt hits the Brimstone Fiend!!!!
You kill the Brimstone Fiend!
Okawaru accepts your kill.
What level of the Dungeon? (default 1, ? - help)
There is a staircase leading out of the dungeon here.
You have escaped!

.........#...........%...........
.........#..........###..........
.........####.......# #..........
.........# ##..########...%......
#........###.........##..........
#.........#..~~~~~~~..#..........
#.......#...~~...7.~~.....#.)....
.....#+##..~~.......~~..#.#.(....
.....#.##.~~..8.@....~~.#.#.....#
.......##.~........8..~.#.......#
..........~.....7.....~.##.######
..........~~.7..(....~~.##..##...
...........~~..8..7.~~..###..#.'#
.........#..~~....)~~...####...#.
.............~~~.~~~...#.......#.
.......####...........##.....#.#.
.......# ##..........###.......#.


There were no monsters in sight!

Vanquished Creatures
  4 dread liches
  2 ancient liches
  12 orbs of fire
  2 juggernauts
  4 Killer Klowns (Zot:5)
  Bai Suzhen (Shoals:3)
  Boris (Depths:4)
  A caustic shrike (Depths:1)
  Margery (Vaults:2)
  Vv (Depths:4)
  A curse toe (Zot:2)
  Vashnia (Snake:2)
  12 golden dragons
  Norris (Depths:2)
  Nikola (Snake:1)
  Jory (Depths:4)
  A bone dragon (Depths:4)
  2 Tzitzimimeh
  A Brimstone Fiend (D:1)
  4 electric golems
  2 pandemonium lords
  22 tentacled monstrosities
  A Hell Sentinel (D:9)
  Jorgrun (Orc:1)
  Zenata (Vaults:2)
  6 liches
  28 Orb Guardians
  8 quicksilver dragons
  A tentacled starspawn (Abyss:2)
  3 titans (Vaults:5)
  6 sphinxes
  13 death cobs
  2 Executioners (Zot:5)
  A kraken (Shoals:1)
  Gastronok (D:10)
  11 shadow dragons
  2 daevas
  17 storm dragons
  3 tengu reavers
  Kirke (Shoals:1)
  Agnes (D:13)
  Ilsuiw (Shoals:3)
  A draconian monk (Zot:2)
  Aizul (Snake:1)
  8 fire giants
  A nagaraja (Snake:4)
  4 draconian knights
  An iron dragon (Vaults:5)
  19 vault wardens
  13 frost giants
  A deep elf sorcerer (Abyss:2)
  2 draconian scorchers
  6 draconian shifters
  3 draconian stormcallers
  4 ghost moths
  2 orc warlords
  A cacodemon (Depths:4)
  3 spriggan defenders
  24 ironbound preservers
  4 formless jellyfish
  22 very ugly things
  7 ironbound thunderhulks
  4 draconian annihilators
  3 war gargoyles
  12 stone giants
  A vampire knight (Depths:2)
  2 deep elf demonologists
  Nessos (Orc:2)
  10 red draconians
  10 dire elephants
  4 green draconians
  4 deep elf annihilators (Vaults:5)
  10 black draconians
  7 yellow draconians
  12 white draconians
  9 spark wasps
  A minotaur (Gauntlet)
  9 purple draconians
  17 ettins
  3 merfolk javelineers
  10 merfolk impalers
  9 fire dragons
  A quicksilver dragon zombie (Depths:3)
  3 deep elf high priests
  2 entropy weavers
  3 great orbs of eyes
  4 hydras
  10 yaktaur captains
  40 vault guards
  Harold (D:10)
  2 spriggan air magi (Depths:4)
  7 ice dragons
  2 hell beasts
  An alligator (shapeshifter) (Vaults:5)
  4 rakshasas (Depths:1)
  6 salamander tyrants (Snake:4)
  2 boulder beetles (D:11)
  A catoblepas (D:14)
  12 anacondas
  7 ironbound frosthearts
  3 two-headed ogres
  Erica (D:10)
  13 centaur warriors
  2 merfolk avatars (Shoals:2)
  2 merfolk aquamancers
  A deep troll shaman (Depths:2)
  3 death yaks (Lair:5)
  4 hell hogs
  14 naga warriors
  4 tengu warriors
  A sphinx skeleton (Depths:3)
  3 satyrs
  5 spriggan berserkers
  7 shock serpents
  A demonic crawler (Zot:5)
  2 orc high priests (Orc:2)
  2 deep troll earth magi
  10 spriggans
  6 hell knights
  Amaemon (D:10)
  Sonja (Orc:1)
  5 soul eaters
  12 naga sharpshooters
  Nergalle (Orc:1)
  4 skeletal warriors (D:13)
  4 sun demons
  A shadow wraith (D:14)
  2 iron trolls (Depths:2)
  3 sixfirhies
  8 skysharks
  6 salamander mystics (Snake:4)
  56 deep trolls
  A golden dragon zombie (Depths:3)
  10 sea snakes
  2 glowing orange brains
  An orb spider (shapeshifter) (Vaults:5)
  A glowing orange brain (shapeshifter) (Vaults:5)
  5 flayed ghosts
  A shadow demon (Depths:4)
  5 naga ritualists
  A swamp dragon (Lair:5)
  2 tengu zombies
  9 ironbound convokers
  8 lindwurms
  12 wizards
  4 phantasmal warriors
  5 orc knights
  A deep elf zephyrmancer (D:15)
  2 deep elf pyromancers
  2 steelbarb worms (shapeshifter) (Vaults:5)
  30 harpies
  12 mana vipers
  A wolf spider zombie (D:15)
  9 necromancers
  2 wolf spiders (Lair:5)
  11 cyclopes
  44 ugly things
  25 fauns
  5 manticores
  20 salamanders
  10 orc sorcerers
  8 guardian serpents
  A faun (shapeshifter) (Vaults:5)
  A worldbinder (Abyss:2)
  38 black mambas
  32 moths of wrath
  18 elephants
  A stone giant skeleton (Depths:1)
  A rust devil (Depths:3)
  36 slime creatures
  2 fire giant skeletons (Depths:3)
  8 merfolk sirens
  11 apocalypse crabs (Depths:3)
  15 vault sentinels
  3 gargoyles
  13 naga magi
  11 cane toads
  7 smoke demons
  A yaktaur zombie (Vaults:3)
  4 water nymphs
  3 orange demons
  A centaur skeleton (D:15)
  3 tengu conjurers
  2 unseen horrors
  6 komodo dragons
  2 minotaur zombies (Gauntlet)
  5 rime drakes
  2 freezing wraiths
  An efreet (D:13)
  A tormentor (Depths:4)
  29 yaktaurs
  2 red devils
  2 burning bushes (Lair:2)
  A human skeleton (Vaults:3)
  34 merfolk
  A wind drake (shapeshifter) (Depths:1)
  A polar bear (Lair:2)
  6 trolls
  5 snapping turtles
  6 wind drakes
  2 raiju (Gauntlet)
  A hellwing (D:6)
  15 hornets
  11 blink frogs
  Prince Ribbit (D:5)
  5 dream sheep (Shoals:1)
  2 culicivoras (shapeshifter)
  A deep troll skeleton (Vaults:3)
  A centaur simulacrum (D:15)
  3 wraiths
  A shadow (D:9)
  A culicivora (Vaults:3)
  4 basilisks
  8 water elementals
  12 wyverns
  A ynoxinul (Abyss:2)
  A basilisk (shapeshifter) (D:15)
  3 hogs (Shoals:1)
  2 fire bats (Gauntlet)
  39 yaks
  A fire elemental (Depths:3)
  A neqoxec (Abyss:2)
  7 redbacks
  12 vampire mosquitoes
  Menkaure (D:6)
  3 steam dragons
  32 nagas
  2 large abominations
  2 wargs
  A glowing shapeshifter zombie (Depths:3)
  5 acid dragons
  25 water moccasins
  2 hell hounds (Gauntlet)
  A swamp drake (Lair:5)
  2 black bears
  A tengu skeleton (Depths:1)
  25 orc warriors
  2 sky beasts
  6 ogres
  A tengu (shapeshifter) (Vaults:4)
  6 centaurs
  Blork the orc (Orc:2)
  6 kobold brigands
  8 bullfrogs
  A gnoll sergeant (D:7)
  4 scorpions
  A hornet simulacrum (D:15)
  14 wights
  3 killer bees (D:4)
  A small abomination (Abyss:2)
  17 electric eels
  4 crimson imps (Gauntlet)
  4 hounds
  2 gnoll boudas
  19 orc priests
  13 jellies (Lair:5)
  A sleepcap (D:4)
  7 iguanas
  28 orc wizards
  2 lightning spires (Gauntlet)
  22 gnolls
  A river rat (D:3)
  6 adders
  A shadow imp (D:5)
  A white imp (D:6)
  3 worms
  3 dart slugs
  67 orcs
  11 endoplasms
  4 giant cockroaches
  5 goblins
  5 hobgoblins
  24 kobolds
  6 quokkas
  8 ball pythons
  5 bats
  2 frilled lizards
  3 rats
  3 tentacles (Shoals:1)
1880 creatures vanquished.

Vanquished Creatures (others)
  A quicksilver dragon (Zot:1)
  A juggernaut zombie (Depths:3)
  An ice dragon (Depths:1)
  A merfolk aquamancer (Shoals:4)
  An orc priest (Orc:1)
  2 starspawn tentacles (Abyss:2)
  4 tentacles (Shoals:1)
11 creatures vanquished.

Grand Total: 1891 creatures vanquished

Notes
Turn   | Place    | Note
-------+----------+-------------------------------------------
     0 | D:1      | qw the Gargoyle Hunter began the quest for the Orb.
     0 | D:1      | Reached XP level 1. HP: 12/12 MP: 1/1
     0 | D:1      | 0 ||| qw: Version: 0.3-a-95-gd99a18f
     0 | D:1      | 0 ||| qw: Game counter: 54
     0 | D:1      | 0 ||| qw: Melee chars always use a shield: true
     0 | D:1      | 0 ||| qw: God list: Okawaru
     0 | D:1      | 0 ||| qw: Allow faded altars: false
     0 | D:1      | 0 ||| qw: Do Orc after clearing Dungeon:15 true
     0 | D:1      | 0 ||| qw: Do second Lair branch before Depths: true
     0 | D:1      | 0 ||| qw: Lair rune preference: random
     0 | D:1      | 0 ||| qw: Goals: Normal, Save, Zot:1-4, Win
     0 | D:1      | 0 ||| PLANNING D:1-11
    59 | D:1      | Reached XP level 2. HP: 17/17 MP: 2/2
   222 | D:1      | Reached XP level 3. HP: 21/21 MP: 3/3
   578 | D:1      | 578 ||| UPGRADING to +5 ring of evasion.
   579 | D:1      | 579 ||| READING scroll labelled LAEHI BEGGOAT.
   580 | D:1      | 580 ||| READING scroll labelled VOLOR SAGATOHE.
   581 | D:1      | 581 ||| READING 2 scrolls labelled CINGURYQO.
   582 | D:1      | 582 ||| READING scroll labelled MYUHAFU AG VUH.
   598 | D:1      | 598 ||| READING scroll of identify.
   598 | D:1      | 598 ||| IDENTIFYING puce potion
   599 | D:1      | 599 ||| DROPPING scroll of butterflies.
   600 | D:1      | 600 ||| DROPPING potion of lignification.
   739 | D:2      | Reached skill level 3 in Fighting
   902 | D:2      | Found Likharch's Antique Weapon Boutique.
  1024 | D:2      | Found a shadowy altar of Dithmenos.
  1270 | D:2      | 1270 ||| UPGRADING to +0 ring mail.
  1280 | D:2      | 1280 ||| DROPPING +0 leather armour.
  1281 | D:2      | 1281 ||| UPGRADING to amulet of regeneration.
  1286 | D:2      | 1286 ||| READING scroll labelled CYDAUWIASM.
  1287 | D:2      | 1287 ||| READING scroll labelled LOUXEU DEVVOUQ.
  1291 | D:2      | 1291 ||| DRINKING 2 smoky green potions.
  1317 | D:3      | 1317 ||| PLANNING SEWER
  1353 | D:3      | Reached skill level 1 in Armour
  1353 | D:3      | Reached XP level 4. HP: 28/28 MP: 4/4
  1579 | D:3      | Found a hazy altar of Hepliaklqana.
  1665 | D:3      | Reached XP level 5. HP: 32/32 MP: 5/5
  2066 | D:3      | 2066 ||| RIP SEWER
  2080 | D:3      | 2080 ||| PLANNING D:1-11
  2080 | D:3      | 2080 ||| UPGRADING to +0 robe of fire resistance.
  2090 | D:3      | 2090 ||| DROPPING ring of wizardry.
  2091 | D:3      | 2091 ||| READING scroll labelled WITHROGRE SESOO.
  2092 | D:3      | 2092 ||| READING scroll labelled MAD CUJOEROMMYL.
  2093 | D:3      | 2093 ||| DRINKING 2 metallic coppery potions.
  2094 | D:3      | 2094 ||| READING scroll of identify.
  2094 | D:3      | 2094 ||| IDENTIFYING metallic sapphire potion
  2108 | D:4      | Noticed an ogre
  2112 | D:4      | 2112 ||| STAIRDANCE
  2117 | D:4      | 2117 ||| STAIRDANCE
  2123 | D:4      | Killed an ogre
  2124 | D:4      | Reached skill level 6 in Ranged Weapons
  2226 | D:4      | Reached XP level 6. HP: 37/37 MP: 6/6
  2439 | D:4      | Found a staircase to the Ecumenical Temple.
  2440 | D:4      | 2440 ||| PLANNING TEMPLE
  2440 | D:4      | 2440 ||| READING 2 scrolls labelled HEINAA XETHREG.
  2442 | D:4      | 2442 ||| READING scroll of enchant weapon.
  2442 | D:4      | 2442 ||| ENCHANTING +1 shortbow of draining.
  2443 | D:4      | 2443 ||| READING scroll labelled ZIS BOID SELUARCHY.
  2527 | Temple   | Entered the Ecumenical Temple
  2528 | Temple   | 2528 ||| PLANNING OKAWARU WORSHIP
  2536 | Temple   | Became a worshipper of Warmaster Okawaru
  2537 | Temple   | 2537 ||| PLANNING D:1-11
  2637 | D:4      | Identified the staff of Harmony {rElec rPois rF- rC++ Int+2
                  | Air}
  2691 | D:4      | 2691 ||| RETREEAATING.
  2704 | D:4      | Reached XP level 7. HP: 30/43 MP: 7/7
  2855 | D:4      | 2855 ||| DROPPING +0 ring mail.
  2856 | D:4      | 2856 ||| UPGRADING to +0 pair of boots.
  2861 | D:4      | 2861 ||| UPGRADING to +3 leather armour.
  2871 | D:4      | 2871 ||| READING scroll labelled VUMIJU UFRO.
  2959 | D:5      | Entered Level 5 of the Dungeon
  3019 | D:5      | Reached * piety under Okawaru
  3035 | D:5      | Reached skill level 1 in Invocations
  3058 | D:5      | Found a sacrificial altar of Ru.
  3115 | D:5      | Found a sparkling altar of Nemelex Xobeh.
  3280 | D:5      | Found an ornate altar of the Wu Jian Council.
  3297 | D:5      | Noticed Prince Ribbit
  3298 | D:5      | 3298 ||| INVOKING Heroism.
  3306 | D:5      | Killed Prince Ribbit
  3307 | D:5      | Reached skill level 3 in Invocations
  3307 | D:5      | Reached XP level 8. HP: 48/48 MP: 6/10
  3359 | D:5      | Noticed a +0 hand axe
  3359 | D:5      | Noticed a +0 hand axe
  3365 | D:5      | Found a hide-covered altar of Uskayaw.
  3511 | D:5      | 3511 ||| READING 2 scrolls labelled HAMNOCKA AXTY.
  3512 | D:5      | 3512 ||| READING scroll of enchant armour.
  3512 | D:5      | 3512 ||| ENCHANTING +0 pair of boots.
  3513 | D:5      | 3513 ||| READING 2 scrolls labelled FIDOHA UFAROM.
  3514 | D:5      | 3514 ||| DROPPING scroll of vulnerability.
  3636 | D:6      | 3636 ||| RETREEAATING.
  3653 | D:6      | Reached ** piety under Okawaru
  3698 | D:6      | You fall into a shaft and drop 2 floors!
  3706 | D:8      | Noticed a yak
  3706 | D:8      | Noticed a yak
  3707 | D:8      | 3707 ||| INVOKING Heroism.
  3710 | D:8      | 3710 ||| RETREEAATING.
  3714 | D:8      | Killed a yak
  3715 | D:8      | Reached skill level 9 in Ranged Weapons
  3725 | D:8      | Noticed a yak
  3726 | D:8      | Noticed a yak
  3732 | D:8      | Noticed a yak
  3733 | D:8      | Killed a yak
  3738 | D:8      | Killed a yak
  3739 | D:8      | Reached skill level 6 in Fighting
  3739 | D:8      | Reached XP level 9. HP: 56/56 MP: 12/12
  3747 | D:8      | 3747 ||| Stepping ~*~*~tactically~*~*~ (retreating).
  3773 | D:8      | Reached skill level 3 in Dodging
  3805 | D:8      | 3805 ||| UPGRADING to +0 pair of gloves.
  3859 | D:7      | Reached *** piety under Okawaru
  3872 | D:7      | 3872 ||| SWAPPING to +0 orcbow.
  3873 | D:7      | 3873 ||| DROPPING +2 shortbow of draining.
  3883 | D:7      | 3883 ||| READING scroll of enchant armour.
  3883 | D:7      | 3883 ||| ENCHANTING +0 pair of gloves.
  3890 | D:7      | 3890 ||| READING scroll of enchant weapon.
  3890 | D:7      | 3890 ||| ENCHANTING +0 orcbow.
  3989 | D:6      | Noticed Menkaure
  3994 | D:6      | Killed Menkaure
  4019 | D:6      | 4019 ||| RETREEAATING.
  4083 | D:6      | 4083 ||| READING 3 scrolls labelled XASTRY LUUTSEL.
  4084 | D:6      | 4084 ||| READING scroll of identify.
  4084 | D:6      | 4084 ||| IDENTIFYING cyan potion
  4085 | D:6      | 4085 ||| DROPPING 2 scrolls of amnesia.
  4225 | D:6      | 4225 ||| INVOKING Heroism.
  4436 | D:6      | Reached XP level 10. HP: 60/64 MP: 13/13
  4509 | D:6      | 4509 ||| DROPPING amulet of magic regeneration.
  4510 | D:6      | 4510 ||| DROPPING ring of magical power.
  4745 | D:7      | Found a broken altar of Ashenzari.
  4837 | D:7      | Noticed a gargoyle
  4838 | D:7      | 4838 ||| INVOKING Heroism.
  4844 | D:7      | Killed a gargoyle
  4861 | D:7      | Reached **** piety under Okawaru
  4875 | D:7      | 4875 ||| FLEEEEING.
  4917 | D:7      | Reached skill level 12 in Ranged Weapons
  4917 | D:7      | 4917 ||| FLEEEEING.
  5005 | D:7      | 5005 ||| RETREEAATING.
  5161 | D:7      | 5161 ||| UPGRADING to +1 cloak.
  5184 | D:8      | Found Baceyff's Magic Scroll Shoppe.
  5187 | D:8      | 5187 ||| READING scroll of enchant weapon.
  5187 | D:8      | 5187 ||| ENCHANTING +1 orcbow.
  5196 | D:8      | 5196 ||| SHOPLISTING 2 scrolls of acquirement (1144 gold,
                  | have 457).
  5196 | D:8      | 5196 ||| BUYING scroll of enchant armour (82 gold).
  5196 | D:8      | Bought a scroll of enchant armour for 82 gold pieces
  5196 | D:8      | 5196 ||| BUYING scroll of enchant weapon (82 gold).
  5196 | D:8      | Bought a scroll of enchant weapon for 82 gold pieces
  5196 | D:8      | 5196 ||| BUYING scroll of identify (22 gold).
  5196 | D:8      | Bought a scroll of identify for 22 gold pieces
  5196 | D:8      | 5196 ||| BUYING scroll of identify (22 gold).
  5196 | D:8      | Bought a scroll of identify for 22 gold pieces
  5196 | D:8      | 5196 ||| BUYING scroll of identify (22 gold).
  5196 | D:8      | Bought a scroll of identify for 22 gold pieces
  5196 | D:8      | 5196 ||| BUYING scroll of identify (22 gold).
  5196 | D:8      | Bought a scroll of identify for 22 gold pieces
  5201 | D:8      | 5201 ||| READING scroll of enchant armour.
  5201 | D:8      | 5201 ||| ENCHANTING +1 pair of gloves.
  5202 | D:8      | 5202 ||| READING scroll of enchant weapon.
  5202 | D:8      | 5202 ||| ENCHANTING +2 orcbow.
  5305 | D:8      | Reached skill level 3 in Armour
  5436 | D:8      | Noticed a sixfirhy
  5437 | D:8      | Found a runed translucent door.
  5490 | D:8      | Found a glowing silver altar of Zin.
  5533 | D:8      | 5533 ||| Stepping ~*~*~tactically~*~*~ (retreating).
  5612 | D:8      | 5612 ||| READING 2 scrolls of brand weapon.
  5612 | D:8      | 5612 ||| BRANDING +3 orcbow.
  5613 | D:8      | 5613 ||| READING scroll of brand weapon.
  5613 | D:8      | 5613 ||| BRANDING +3 orcbow of freezing.
  5621 | D:8      | Found a runed translucent gate.
  5622 | D:8      | Found a runed translucent gate.
  5623 | D:8      | Found a runed translucent gate.
  5625 | D:8      | Noticed GreatCaesar's ghost (novice OpFE)
  5625 | D:8      | Noticed a nine-headed hydra
  5766 | D:8      | Reached skill level 6 in Invocations
  5891 | D:8      | 5891 ||| DROPPING amulet of guardian spirit.
  5892 | D:8      | 5892 ||| DRINKING 3 green potions.
  5893 | D:8      | 5893 ||| DRINKING potion of curing.
  5893 | D:8      | 5893 ||| (to cure confusion)
  5894 | D:8      | 5894 ||| READING 4 scrolls of identify.
  5894 | D:8      | 5894 ||| IDENTIFYING murky inky potion
  5895 | D:8      | 5895 ||| READING 3 scrolls of identify.
  5895 | D:8      | 5895 ||| IDENTIFYING bubbling silvery potion
  5896 | D:8      | 5896 ||| READING 2 scrolls of identify.
  5896 | D:8      | 5896 ||| IDENTIFYING fuming dark potion
  5897 | D:8      | 5897 ||| READING scroll of identify.
  5897 | D:8      | 5897 ||| IDENTIFYING orange potion
  5898 | D:8      | 5898 ||| DROPPING potion of degeneration.
  5899 | D:8      | 5899 ||| DROPPING 2 potions of ambrosia.
  5919 | D:9      | Reached ***** piety under Okawaru
  6025 | D:9      | 6025 ||| FLEEEEING.
  6026 | D:9      | 6026 ||| FLEEEEING.
  6072 | D:9      | 6072 ||| RETREEAATING.
  6074 | D:9      | 6074 ||| RETREEAATING.
  6079 | D:9      | 6079 ||| FLEEEEING.
  6080 | D:9      | 6080 ||| FLEEEEING.
  6081 | D:9      | 6081 ||| STILL RETREEAATING.
  6082 | D:9      | 6082 ||| STILL RETREEAATING.
  6084 | D:9      | 6084 ||| FLEEEEING.
  6085 | D:9      | 6085 ||| FLEEEEING.
  6089 | D:9      | Received a gift from Okawaru
  6106 | D:9      | Reached XP level 11. HP: 66/68 MP: 16/16
  6158 | D:9      | Found a glowing golden altar of the Shining One.
  6204 | D:9      | 6204 ||| FLEEEEING.
  6213 | D:9      | 6213 ||| FLEEEEING.
  6214 | D:9      | 6214 ||| FLEEEEING.
  6242 | D:9      | Found a burning altar of Makhleb.
  6244 | D:9      | Noticed a green death
  6407 | D:9      | Noticed a cyclops
  6408 | D:9      | 6408 ||| RETREEAATING.
  6410 | D:9      | 6410 ||| RETREEAATING.
  6412 | D:9      | 6412 ||| RETREEAATING.
  6414 | D:9      | 6414 ||| INVOKING Finesse.
  6416 | D:9      | 6416 ||| RETREEAATING.
  6417 | D:9      | 6417 ||| STILL RETREEAATING.
  6420 | D:9      | 6420 ||| STILL RETREEAATING.
  6434 | D:9      | Killed a cyclops
  6731 | D:10     | Entered Level 10 of the Dungeon
  6746 | D:10     | Noticed a two-headed ogre
  6747 | D:10     | 6747 ||| Stepping ~*~*~tactically~*~*~ (retreating).
  6750 | D:10     | 6750 ||| FLEEEEING.
  6751 | D:10     | 6751 ||| FLEEEEING.
  6752 | D:10     | 6752 ||| FLEEEEING.
  6753 | D:10     | 6753 ||| FLEEEEING.
  6754 | D:10     | 6754 ||| FLEEEEING.
  6755 | D:10     | 6755 ||| FLEEEEING.
  6756 | D:10     | 6756 ||| STAIRDANCE
  6763 | D:10     | 6763 ||| INVOKING Finesse.
  6767 | D:10     | Killed a two-headed ogre
  6768 | D:10     | 6768 ||| STAIRDANCE
  6922 | D:10     | 6922 ||| RETREEAATING.
  6923 | D:10     | 6923 ||| STILL RETREEAATING.
  6924 | D:10     | 6924 ||| STILL RETREEAATING.
  6925 | D:10     | 6925 ||| STILL RETREEAATING.
  6927 | D:10     | 6927 ||| Stepping ~*~*~tactically~*~*~ (retreating).
  6948 | D:10     | Reached skill level 9 in Invocations
  6949 | D:10     | Received a gift from Okawaru
  6956 | D:10     | Noticed Erica
  6957 | D:10     | 6957 ||| INVOKING Finesse.
  6966 | D:10     | Killed Erica
  6967 | D:10     | Reached skill level 9 in Fighting
  7070 | D:10     | Noticed Amaemon
  7071 | D:10     | 7071 ||| RETREEAATING.
  7072 | D:10     | 7072 ||| INVOKING Finesse.
  7084 | D:10     | Killed Amaemon
  7133 | D:10     | 7133 ||| RETREEAATING.
  7134 | D:10     | 7134 ||| STILL RETREEAATING.
  7152 | D:10     | 7152 ||| FLEEEEING.
  7153 | D:10     | 7153 ||| FLEEEEING.
  7270 | D:10     | Noticed Harold
  7271 | D:10     | 7271 ||| INVOKING Finesse.
  7276 | D:10     | Killed Harold
  7335 | D:10     | Noticed Gastronok
  7336 | D:10     | Reached XP level 12. HP: 76/76 MP: 19/19
  7336 | D:10     | 7336 ||| RETREEAATING.
  7337 | D:10     | 7337 ||| Stepping ~*~*~tactically~*~*~ (retreating).
  7338 | D:10     | 7338 ||| INVOKING Finesse.
  7360 | D:10     | Killed Gastronok
  7360 | D:10     | Received a gift from Okawaru
  7506 | D:10     | Found a basalt altar of Yredelemnul.
  7602 | D:10     | Found a shimmering blue altar of Sif Muna.
  7647 | D:10     | 7647 ||| UPGRADING to +0 troll leather armour.
  7657 | D:10     | 7657 ||| UPGRADING to +1 hat.
  7662 | D:10     | 7662 ||| DROPPING +3 leather armour.
  7663 | D:10     | 7663 ||| READING 2 scrolls of identify.
  7663 | D:10     | 7663 ||| IDENTIFYING fizzy dark potion
  7664 | D:10     | 7664 ||| DROPPING potion of invisibility.
  7725 | D:11     | Noticed a boulder beetle
  7726 | D:11     | 7726 ||| INVOKING Finesse.
  7740 | D:11     | Killed a boulder beetle
  7765 | D:11     | Identified the +4 ring mail "Vamapno" {rElec Int+3 Slay+3}
  7806 | D:11     | Noticed a fire dragon
  7907 | D:11     | 7907 ||| RETREEAATING.
  7908 | D:11     | 7908 ||| Stepping ~*~*~tactically~*~*~ (retreating).
  7911 | D:11     | 7911 ||| Stepping ~*~*~tactically~*~*~ (retreating).
  8039 | D:11     | 8039 ||| Stepping randomly (disturbance).
  8098 | D:11     | Reached skill level 15 in Ranged Weapons
  8218 | D:11     | Found a staircase to the Orcish Mines.
  8389 | D:11     | Noticed a boulder beetle
  8426 | D:11     | Found a staircase to the Lair.
  8545 | D:11     | Found a transporter.
  8545 | D:11     | Found a transporter.
  8587 | D:11     | Noticed a boulder beetle
  8588 | D:11     | 8588 ||| INVOKING Finesse.
  8598 | D:11     | Killed a boulder beetle
  8714 | D:11     | 8714 ||| PLANNING LAIR
  8714 | D:11     | 8714 ||| DROPPING +0 robe of fire resistance.
  8715 | D:11     | 8715 ||| UPGRADING to +4 ring mail "Vamapno" {rElec Int+3
                  | Slay+3}.
  8725 | D:11     | 8725 ||| DROPPING +0 troll leather armour.
  8776 | Lair:1   | Entered Level 1 of the Lair of Beasts
  9479 | Lair:1   | 9479 ||| READING 3 scrolls of identify.
  9479 | Lair:1   | 9479 ||| IDENTIFYING viscous sapphire potion
  9480 | Lair:1   | 9480 ||| DROPPING potion of attraction.
  9515 | Lair:2   | Noticed a five-headed hydra
  9516 | Lair:2   | 9516 ||| INVOKING Finesse.
  9517 | Lair:2   | 9517 ||| STAIRDANCE
  9551 | Lair:2   | Killed a five-headed hydra
  9552 | Lair:2   | Reached skill level 6 in Armour
  9562 | Lair:2   | Received a gift from Okawaru
 10015 | Lair:2   | 10015 ||| RETREEAATING.
 10161 | Lair:2   | Reached XP level 13. HP: 82/82 MP: 20/20
 10179 | Lair:2   | 10179 ||| RETREEAATING.
 10202 | Lair:2   | 10202 ||| READING scroll of enchant armour.
 10202 | Lair:2   | 10202 ||| ENCHANTING +1 hat.
 10395 | Lair:2   | 10395 ||| UPGRADING to +2 cloak.
 10405 | Lair:2   | 10405 ||| DROPPING +1 cloak.
 10440 | Lair:3   | 10440 ||| RETREEAATING.
 10444 | Lair:3   | 10444 ||| STILL RETREEAATING.
 10445 | Lair:3   | 10445 ||| STILL RETREEAATING.
 10446 | Lair:3   | 10446 ||| STILL RETREEAATING.
 10447 | Lair:3   | 10447 ||| STILL RETREEAATING.
 10448 | Lair:3   | 10448 ||| STILL RETREEAATING.
 10466 | Lair:3   | 10466 ||| Stepping ~*~*~tactically~*~*~ (retreating).
 10467 | Lair:3   | 10467 ||| Stepping ~*~*~tactically~*~*~ (retreating).
 10468 | Lair:3   | 10468 ||| Stepping ~*~*~tactically~*~*~ (retreating).
 10469 | Lair:3   | 10469 ||| Stepping ~*~*~tactically~*~*~ (retreating).
 10471 | Lair:3   | 10471 ||| Stepping ~*~*~tactically~*~*~ (retreating).
 10480 | Lair:3   | HP: 20/83 [rime drake (3)]
 10481 | Lair:3   | 10481 ||| READING 2 scrolls of teleportation.
 10483 | Lair:3   | HP: 3/83 [rime drake/icy flash freeze (20)]
 10484 | Lair:3   | 10484 ||| DRINKING 2 potions of heal wounds.
 10597 | Lair:3   | 10597 ||| Stepping ~*~*~tactically~*~*~ (retreating).
 10598 | Lair:3   | 10598 ||| Stepping ~*~*~tactically~*~*~ (retreating).
 10599 | Lair:3   | 10599 ||| Stepping ~*~*~tactically~*~*~ (retreating).
 10600 | Lair:3   | 10600 ||| Stepping ~*~*~tactically~*~*~ (retreating).
 10601 | Lair:3   | 10601 ||| Stepping ~*~*~tactically~*~*~ (retreating).
 10602 | Lair:3   | 10602 ||| Stepping ~*~*~tactically~*~*~ (retreating).
 10603 | Lair:3   | 10603 ||| Stepping ~*~*~tactically~*~*~ (retreating).
 10673 | Lair:3   | 10673 ||| READING scroll of enchant weapon.
 10673 | Lair:3   | 10673 ||| ENCHANTING +3 orcbow of electrocution.
 10713 | Lair:3   | Found a staircase to the Snake Pit.
 10741 | Lair:3   | Found a staircase to the Shoals.
 11100 | Lair:3   | Found a dark tunnel.
 11146 | Lair:3   | 11146 ||| DROPPING scarf of harm.
 11147 | Lair:3   | 11147 ||| READING scroll labelled HYESIC KO KUBBIN.
 11182 | Lair:4   | 11182 ||| PLANNING GAUNTLET
 11244 | Lair:4   | Found a gate leading to a gauntlet.
 11258 | Gauntlet | Entered a Gauntlet
 11258 | Gauntlet | Found a transporter.
 11258 | Gauntlet | Found a transporter.
 11258 | Gauntlet | Found a transporter.
 11262 | Gauntlet | Found a transporter.
 11263 | Gauntlet | Found a transporter.
 11274 | Gauntlet | Found a transporter.
 11276 | Gauntlet | Found a transporter.
 11284 | Gauntlet | Noticed a blizzard demon
 11286 | Gauntlet | Found a transporter.
 11376 | Gauntlet | Found a transporter.
 11376 | Gauntlet | Found the ring of the Hare {EV+10}
 11390 | Gauntlet | Found a transporter.
 11390 | Gauntlet | Found a transporter.
 11400 | Gauntlet | Found a transporter.
 11464 | Gauntlet | 11464 ||| Stepping ~*~*~tactically~*~*~ (retreating).
 11465 | Gauntlet | 11465 ||| RETREEAATING.
 11466 | Gauntlet | 11466 ||| STILL RETREEAATING.
 11467 | Gauntlet | 11467 ||| Stepping ~*~*~tactically~*~*~ (retreating).
 11493 | Gauntlet | Identified the +0 helmet of Fortitude {Dex+4}
 11495 | Gauntlet | 11495 ||| UPGRADING to +0 helmet of Fortitude {Dex+4}.
 11505 | Gauntlet | 11505 ||| DROPPING +2 hat.
 11541 | Gauntlet | Identified the ring "Qephea" {Fire Int+2 Dex+3}
 11543 | Gauntlet | 11543 ||| UPGRADING to ring "Qephea" {Fire Int+2 Dex+3}.
 11550 | Gauntlet | 11550 ||| Stepping ~*~*~tactically~*~*~ (retreating).
 11551 | Gauntlet | 11551 ||| Stepping ~*~*~tactically~*~*~ (retreating).
 11552 | Gauntlet | 11552 ||| Stepping ~*~*~tactically~*~*~ (retreating).
 11553 | Gauntlet | 11553 ||| Stepping ~*~*~tactically~*~*~ (retreating).
 11554 | Gauntlet | 11554 ||| Stepping ~*~*~tactically~*~*~ (retreating).
 11555 | Gauntlet | Received a gift from Okawaru
 11594 | Gauntlet | Identified the ring of the Cast Vote {rF+ Str+5}
 11598 | Gauntlet | Identified the +4 dire flail of the Nurturing Fool {heavy,
                  | rF+ rC+ Will- Str+7 Int-5}
 11599 | Gauntlet | 11599 ||| UPGRADING to ring of the Cast Vote {rF+ Str+5}.
 11611 | Gauntlet | Noticed a minotaur
 11612 | Gauntlet | 11612 ||| INVOKING Finesse.
 11632 | Gauntlet | Killed a minotaur
 11659 | Gauntlet | Identified the ring of Maro Ank {Wiz rF- Will+ Int+2}
 11678 | Gauntlet | Reached skill level 6 in Dodging
 11693 | Gauntlet | 11693 ||| UPGRADING to amulet of faith.
 11713 | Lair:4   | 11713 ||| PLANNING LAIR
 11937 | Lair:4   | 11937 ||| READING scroll of enchant weapon.
 11937 | Lair:4   | 11937 ||| ENCHANTING +4 orcbow of electrocution.
 12321 | Lair:4   | 12321 ||| UPGRADING to scarf of repulsion.
 12331 | Lair:4   | 12331 ||| DROPPING scarf of harm.
 12350 | Lair:5   | Entered Level 5 of the Lair of Beasts
 12377 | Lair:5   | 12377 ||| RETREEAATING.
 12386 | Lair:5   | Found a staircase to the Slime Pits.
 12402 | Lair:5   | Reached skill level 12 in Fighting
 12403 | Lair:5   | 12403 ||| RETREEAATING.
 12404 | Lair:5   | 12404 ||| Stepping ~*~*~tactically~*~*~ (retreating).
 12406 | Lair:5   | 12406 ||| Stepping ~*~*~tactically~*~*~ (retreating).
 12407 | Lair:5   | 12407 ||| Stepping ~*~*~tactically~*~*~ (retreating).
 12455 | Lair:5   | 12455 ||| RETREEAATING.
 12460 | Lair:5   | 12460 ||| Stepping ~*~*~tactically~*~*~ (retreating).
 12461 | Lair:5   | 12461 ||| Stepping ~*~*~tactically~*~*~ (retreating).
 12462 | Lair:5   | 12462 ||| Stepping ~*~*~tactically~*~*~ (retreating).
 12463 | Lair:5   | 12463 ||| Stepping ~*~*~tactically~*~*~ (retreating).
 12464 | Lair:5   | 12464 ||| Stepping ~*~*~tactically~*~*~ (retreating).
 12465 | Lair:5   | 12465 ||| Stepping ~*~*~tactically~*~*~ (retreating).
 12505 | Lair:5   | 12505 ||| RETREEAATING.
 12506 | Lair:5   | 12506 ||| STILL RETREEAATING.
 12511 | Lair:5   | Received a gift from Okawaru
 12515 | Lair:5   | 12515 ||| STILL RETREEAATING.
 12586 | Lair:5   | 12586 ||| RETREEAATING.
 12587 | Lair:5   | 12587 ||| STILL RETREEAATING.
 12599 | Lair:5   | Found the ring of the Tortoise {AC+8}
 12689 | Lair:5   | 12689 ||| RETREEAATING.
 12691 | Lair:5   | 12691 ||| STILL RETREEAATING.
 12692 | Lair:5   | 12692 ||| STILL RETREEAATING.
 12693 | Lair:5   | 12693 ||| STILL RETREEAATING.
 12698 | Lair:5   | Gained mutation: Your large and strong wings let you fly.
                  | [Gargoyle growth]
 12698 | Lair:5   | Reached XP level 14. HP: 92/92 MP: 21/21
 12726 | Lair:5   | Received a gift from Okawaru
 12956 | Lair:5   | 12956 ||| RETREEAATING.
 12957 | Lair:5   | 12957 ||| STILL RETREEAATING.
 12958 | Lair:5   | 12958 ||| STILL RETREEAATING.
 12959 | Lair:5   | 12959 ||| STILL RETREEAATING.
 12963 | Lair:5   | 12963 ||| STILL RETREEAATING.
 12964 | Lair:5   | 12964 ||| STILL RETREEAATING.
 13209 | Lair:5   | 13209 ||| Stepping ~*~*~tactically~*~*~ (retreating).
 13210 | Lair:5   | 13210 ||| Stepping ~*~*~tactically~*~*~ (retreating).
 13221 | Lair:5   | Reached ****** piety under Okawaru
 13228 | Lair:5   | 13228 ||| INVOKING Receive Weapon.
 13228 | Lair:5   | 13228 ||| 13228 ||| Offered +2 longbow "Jiaxa" {flame,
                  | rElec} with value 3235
 13228 | Lair:5   | 13228 ||| 13228 ||| Offered +0 orcbow of flaming with value
                  | 2725
 13228 | Lair:5   | 13228 ||| 13228 ||| Offered +10 longbow of Triumph {heavy,
                  | rElec MP+9} with value 3500
 13228 | Lair:5   | 13228 ||| 13228 ||| Offered +1 longbow of electrocution
                  | with value 3205
 13228 | Lair:5   | 13228 ||| ACQUIRING +10 longbow of Triumph {heavy, rElec
                  | MP+9}
 13228 | Lair:5   | Acquired the +10 longbow of Triumph {heavy, rElec MP+9}
 13228 | Lair:5   | Received a gift from Okawaru
 13229 | Lair:5   | 13229 ||| INVOKING Receive Armour.
 13229 | Lair:5   | 13229 ||| 13229 ||| Offered +2 helmet of Boliuq Ageps
                  | {Dex+4} with value difference 100
 13229 | Lair:5   | 13229 ||| 13229 ||| Offered +3 ring mail "Olopsa" {-Tele
                  | Regen+ Int+4} with value difference nil
 13229 | Lair:5   | 13229 ||| 13229 ||| Offered +0 cloak of poison resistance
                  | with value difference -137.5
 13229 | Lair:5   | 13229 ||| 13229 ||| Offered +2 cloak of Rotation {+Inv
                  | Int+3} with value difference -37.5
 13229 | Lair:5   | 13229 ||| ACQUIRING +2 helmet of Boliuq Ageps {Dex+4}
 13229 | Lair:5   | Acquired the +2 helmet of Boliuq Ageps {Dex+4}
 13229 | Lair:5   | Received a gift from Okawaru
 13231 | Lair:5   | 13231 ||| SWAPPING to +10 longbow of Triumph {heavy, rElec
                  | MP+9}.
 13249 | Lair:5   | Received a gift from Okawaru
 13267 | Lair:5   | 13267 ||| FLEEEEING.
 13268 | Lair:5   | 13268 ||| FLEEEEING.
 13273 | Lair:5   | 13273 ||| DROPPING +5 orcbow of electrocution.
 13310 | Lair:5   | 13310 ||| RETREEAATING.
 13312 | Lair:5   | 13312 ||| Stepping ~*~*~tactically~*~*~ (retreating).
 13313 | Lair:5   | 13313 ||| Stepping ~*~*~tactically~*~*~ (retreating).
 13314 | Lair:5   | 13314 ||| Stepping ~*~*~tactically~*~*~ (retreating).
 13315 | Lair:5   | 13315 ||| Stepping ~*~*~tactically~*~*~ (retreating).
 13317 | Lair:5   | 13317 ||| STILL RETREEAATING.
 13318 | Lair:5   | 13318 ||| STILL RETREEAATING.
 13319 | Lair:5   | 13319 ||| STILL RETREEAATING.
 13320 | Lair:5   | 13320 ||| STILL RETREEAATING.
 13321 | Lair:5   | 13321 ||| STILL RETREEAATING.
 13323 | Lair:5   | 13323 ||| Stepping ~*~*~tactically~*~*~ (retreating).
 13327 | Lair:5   | 13327 ||| Stepping ~*~*~tactically~*~*~ (retreating).
 13328 | Lair:5   | 13328 ||| Stepping ~*~*~tactically~*~*~ (retreating).
 13331 | Lair:5   | 13331 ||| Stepping ~*~*~tactically~*~*~ (retreating).
 13332 | Lair:5   | 13332 ||| Stepping ~*~*~tactically~*~*~ (retreating).
 13334 | Lair:5   | 13334 ||| Stepping ~*~*~tactically~*~*~ (retreating).
 13338 | Lair:5   | 13338 ||| INVOKING Finesse.
 13343 | Lair:5   | 13343 ||| Stepping ~*~*~tactically~*~*~ (retreating).
 13344 | Lair:5   | 13344 ||| Stepping ~*~*~tactically~*~*~ (retreating).
 13347 | Lair:5   | 13347 ||| Stepping ~*~*~tactically~*~*~ (retreating).
 13348 | Lair:5   | 13348 ||| Stepping ~*~*~tactically~*~*~ (retreating).
 13492 | Lair:5   | Received a gift from Okawaru
 13815 | Lair:5   | 13815 ||| Stepping ~*~*~tactically~*~*~ (retreating).
 13816 | Lair:5   | 13816 ||| Stepping ~*~*~tactically~*~*~ (retreating).
 13817 | Lair:5   | 13817 ||| Stepping ~*~*~tactically~*~*~ (retreating).
 13818 | Lair:5   | 13818 ||| Stepping ~*~*~tactically~*~*~ (retreating).
 13819 | Lair:5   | 13819 ||| Stepping ~*~*~tactically~*~*~ (retreating).
 13820 | Lair:5   | 13820 ||| Stepping ~*~*~tactically~*~*~ (retreating).
 13821 | Lair:5   | 13821 ||| Stepping ~*~*~tactically~*~*~ (retreating).
 13822 | Lair:5   | 13822 ||| Stepping ~*~*~tactically~*~*~ (retreating).
 13823 | Lair:5   | 13823 ||| Stepping ~*~*~tactically~*~*~ (retreating).
 13824 | Lair:5   | 13824 ||| INVOKING Finesse.
 13833 | Lair:5   | Received a gift from Okawaru
 14053 | Lair:5   | 14053 ||| PLANNING D
 14053 | Lair:5   | 14053 ||| UPGRADING to +2 helmet of Boliuq Ageps {Dex+4}.
 14063 | Lair:5   | 14063 ||| DROPPING +0 helmet of Fortitude {Dex+4}.
 14064 | Lair:5   | 14064 ||| DROPPING ring of Maro Ank {Wiz rF- Will+ Int+2}.
 14065 | Lair:5   | 14065 ||| DROPPING ring of ice.
 14066 | Lair:5   | 14066 ||| UPGRADING to ring of the Tortoise {AC+8}.
 14068 | Lair:5   | 14068 ||| UPGRADING to +5 ring of evasion.
 14070 | Lair:5   | 14070 ||| READING 7 scrolls of identify.
 14070 | Lair:5   | 14070 ||| IDENTIFYING bubbling cyan potion
 14273 | D:12     | 14273 ||| FLEEEEING.
 14274 | D:12     | 14274 ||| FLEEEEING.
 14317 | D:12     | Found a transporter.
 14325 | D:12     | Found a transporter.
 14333 | D:12     | Noticed MackTheFife's ghost (journeyman OgFi)
 14940 | D:13     | 14940 ||| RETREEAATING.
 14942 | D:13     | 14942 ||| RETREEAATING.
 14944 | D:13     | 14944 ||| RETREEAATING.
 14946 | D:13     | 14946 ||| Stepping ~*~*~tactically~*~*~ (retreating).
 15001 | D:13     | Received a gift from Okawaru
 15008 | D:13     | Reached skill level 18 in Ranged Weapons
 15081 | D:13     | 15081 ||| INVOKING Finesse.
 15085 | D:13     | Reached XP level 15. HP: 99/99 MP: 22/22
 15094 | D:13     | 15094 ||| READING 6 scrolls of teleportation.
 15136 | D:13     | 15136 ||| Stepping randomly (disturbance).
 15164 | D:13     | 15164 ||| RETREEAATING.
 15166 | D:13     | 15166 ||| RETREEAATING.
 15168 | D:13     | 15168 ||| Stepping ~*~*~tactically~*~*~ (retreating).
 15581 | D:13     | 15581 ||| UPGRADING to +2 pair of boots.
 15591 | D:13     | 15591 ||| DROPPING +1 pair of boots.
 15592 | D:13     | 15592 ||| DROPPING +1 pair of boots.
 15593 | D:13     | 15593 ||| DROPPING amulet of the acrobat.
 15634 | D:14     | 15634 ||| STAIRDANCE
 15647 | D:14     | Noticed Agnes
 15648 | D:14     | 15648 ||| STAIRDANCE
 15650 | D:13     | 15650 ||| Stepping ~*~*~tactically~*~*~ (retreating).
 15651 | D:13     | 15651 ||| Stepping ~*~*~tactically~*~*~ (retreating).
 15652 | D:13     | 15652 ||| Stepping ~*~*~tactically~*~*~ (retreating).
 15653 | D:13     | 15653 ||| Stepping ~*~*~tactically~*~*~ (retreating).
 15659 | D:13     | 15659 ||| Stepping ~*~*~tactically~*~*~ (retreating).
 15771 | D:14     | 15771 ||| STAIRDANCE
 15773 | D:13     | 15773 ||| Stepping ~*~*~tactically~*~*~ (retreating).
 15774 | D:13     | 15774 ||| Stepping ~*~*~tactically~*~*~ (retreating).
 15775 | D:13     | 15775 ||| Stepping ~*~*~tactically~*~*~ (retreating).
 15776 | D:13     | 15776 ||| Stepping ~*~*~tactically~*~*~ (retreating).
 15777 | D:13     | 15777 ||| Stepping ~*~*~tactically~*~*~ (retreating).
 15778 | D:13     | 15778 ||| INVOKING Finesse.
 15784 | D:13     | Killed Agnes
 15784 | D:13     | Received a gift from Okawaru
 15968 | D:14     | 15968 ||| RETREEAATING.
 15970 | D:14     | 15970 ||| RETREEAATING.
 16004 | D:14     | Identified the +2 war axe "Beastbane" {freeze, Dex+6}
 16441 | D:14     | Found a gate to the Vaults.
 16569 | D:14     | 16569 ||| RETREEAATING.
 16572 | D:14     | 16572 ||| Stepping ~*~*~tactically~*~*~ (retreating).
 16575 | D:14     | 16575 ||| Stepping ~*~*~tactically~*~*~ (retreating).
 16576 | D:14     | 16576 ||| Stepping ~*~*~tactically~*~*~ (retreating).
 16577 | D:14     | 16577 ||| Stepping ~*~*~tactically~*~*~ (retreating).
 16578 | D:14     | 16578 ||| Stepping ~*~*~tactically~*~*~ (retreating).
 16579 | D:14     | 16579 ||| Stepping ~*~*~tactically~*~*~ (retreating).
 16580 | D:14     | 16580 ||| Stepping ~*~*~tactically~*~*~ (retreating).
 16659 | D:14     | 16659 ||| Stepping ~*~*~tactically~*~*~ (retreating).
 16662 | D:14     | Received a gift from Okawaru
 16827 | D:14     | 16827 ||| DROPPING +1 ring mail of cold resistance.
 16828 | D:14     | 16828 ||| READING scroll labelled IMACWOPRAVVE.
 16829 | D:14     | 16829 ||| READING 7 scrolls of identify.
 16829 | D:14     | 16829 ||| IDENTIFYING bubbling inky potion
 16830 | D:14     | 16830 ||| DROPPING potion of brilliance.
 16854 | D:15     | Entered Level 15 of the Dungeon
 16926 | D:15     | 16926 ||| RETREEAATING.
 16930 | D:15     | 16930 ||| Stepping ~*~*~tactically~*~*~ (retreating).
 17018 | D:15     | 17018 ||| RETREEAATING.
 17027 | D:15     | 17027 ||| FLEEEEING.
 17028 | D:15     | 17028 ||| FLEEEEING.
 17029 | D:15     | 17029 ||| FLEEEEING.
 17030 | D:15     | 17030 ||| FLEEEEING.
 17031 | D:15     | 17031 ||| FLEEEEING.
 17032 | D:15     | 17032 ||| FLEEEEING.
 17033 | D:15     | 17033 ||| FLEEEEING.
 17243 | Abyss:2  | Cast into level 2 of the Abyss (a wizard)
 17246 | Abyss:2  | Found a corrupted altar of Lugonu.
 17252 | D:15     | Escaped the Abyss
 17257 | D:15     | Received a gift from Okawaru
 17290 | D:15     | Found a staircase to the Depths.
 17375 | D:15     | Found Waletuog's Magic Scroll Emporium.
 17382 | D:15     | 17382 ||| BUYING scroll of teleportation (42 gold).
 17382 | D:15     | Bought a scroll of teleportation for 42 gold pieces
 17382 | D:15     | 17382 ||| BUYING scroll of teleportation (42 gold).
 17382 | D:15     | Bought a scroll of teleportation for 42 gold pieces
 17527 | D:15     | 17527 ||| PLANNING ORC
 17644 | Orc:1    | Entered Level 1 of the Orcish Mines
 17648 | Orc:1    | 17648 ||| STAIRDANCE
 17728 | Orc:1    | 17728 ||| STAIRDANCE
 17806 | Orc:1    | 17806 ||| STAIRDANCE
 17838 | Orc:1    | 17838 ||| STAIRDANCE
 17921 | Orc:1    | 17921 ||| STAIRDANCE
 17928 | Orc:1    | 17928 ||| RETREEAATING.
 17929 | Orc:1    | 17929 ||| STILL RETREEAATING.
 17929 | Orc:1    | Paralysed by an orc sorcerer for 5 turns
 17938 | Orc:1    | Reached skill level 9 in Armour
 18111 | Orc:1    | Noticed Jorgrun
 18111 | Orc:1    | Noticed Sonja
 18112 | Orc:1    | 18112 ||| INVOKING Finesse.
 18114 | Orc:1    | 18114 ||| RETREEAATING.
 18115 | Orc:1    | 18115 ||| STILL RETREEAATING.
 18118 | Orc:1    | 18118 ||| STILL RETREEAATING.
 18121 | Orc:1    | 18121 ||| STILL RETREEAATING.
 18125 | Orc:1    | Killed Jorgrun
 18127 | Orc:1    | Killed Sonja
 18128 | Orc:1    | Reached XP level 16. HP: 92/106 MP: 23/23
 18187 | Orc:1    | Noticed Nergalle
 18192 | Orc:1    | Killed Nergalle
 18431 | Orc:2    | Entered Level 2 of the Orcish Mines
 18435 | Orc:2    | 18435 ||| STAIRDANCE
 18440 | Orc:2    | 18440 ||| STAIRDANCE
 18445 | Orc:2    | 18445 ||| STAIRDANCE
 18505 | Orc:2    | 18505 ||| RETREEAATING.
 18506 | Orc:2    | 18506 ||| STILL RETREEAATING.
 18507 | Orc:2    | 18507 ||| STILL RETREEAATING.
 18508 | Orc:2    | 18508 ||| STILL RETREEAATING.
 18509 | Orc:2    | 18509 ||| STILL RETREEAATING.
 18510 | Orc:2    | 18510 ||| STILL RETREEAATING.
 18512 | Orc:2    | 18512 ||| STILL RETREEAATING.
 18513 | Orc:2    | 18513 ||| STILL RETREEAATING.
 18514 | Orc:2    | 18514 ||| STILL RETREEAATING.
 18517 | Orc:2    | 18517 ||| INVOKING Finesse.
 18524 | Orc:2    | Received a gift from Okawaru
 18684 | Orc:2    | Reached skill level 9 in Dodging
 18702 | Orc:2    | 18702 ||| FLEEEEING.
 18705 | Orc:2    | 18705 ||| FLEEEEING.
 18706 | Orc:2    | 18706 ||| FLEEEEING.
 18712 | Orc:2    | 18712 ||| FLEEEEING.
 18713 | Orc:2    | 18713 ||| FLEEEEING.
 18714 | Orc:2    | 18714 ||| FLEEEEING.
 18715 | Orc:2    | 18715 ||| FLEEEEING.
 18716 | Orc:2    | 18716 ||| FLEEEEING.
 18717 | Orc:2    | 18717 ||| FLEEEEING.
 18718 | Orc:2    | 18718 ||| FLEEEEING.
 18719 | Orc:2    | 18719 ||| FLEEEEING.
 18720 | Orc:2    | 18720 ||| FLEEEEING.
 18721 | Orc:2    | 18721 ||| FLEEEEING.
 18722 | Orc:2    | 18722 ||| FLEEEEING.
 18723 | Orc:2    | 18723 ||| FLEEEEING.
 18724 | Orc:2    | 18724 ||| FLEEEEING.
 18726 | Orc:2    | 18726 ||| FLEEEEING.
 18727 | Orc:2    | 18727 ||| FLEEEEING.
 18728 | Orc:2    | 18728 ||| FLEEEEING.
 18729 | Orc:2    | 18729 ||| FLEEEEING.
 18730 | Orc:2    | 18730 ||| FLEEEEING.
 18808 | Orc:2    | Found a staircase to the Elven Halls.
 18839 | Orc:2    | 18839 ||| RETREEAATING.
 18844 | Orc:2    | Noticed Nessos
 18845 | Orc:2    | 18845 ||| STILL RETREEAATING.
 18846 | Orc:2    | 18846 ||| STILL RETREEAATING.
 18847 | Orc:2    | 18847 ||| STILL RETREEAATING.
 18848 | Orc:2    | 18848 ||| STILL RETREEAATING.
 18849 | Orc:2    | 18849 ||| STILL RETREEAATING.
 18852 | Orc:2    | 18852 ||| STILL RETREEAATING.
 18853 | Orc:2    | 18853 ||| STILL RETREEAATING.
 18854 | Orc:2    | 18854 ||| STILL RETREEAATING.
 18855 | Orc:2    | 18855 ||| STILL RETREEAATING.
 18856 | Orc:2    | 18856 ||| STILL RETREEAATING.
 18857 | Orc:2    | 18857 ||| STILL RETREEAATING.
 18858 | Orc:2    | 18858 ||| STILL RETREEAATING.
 18859 | Orc:2    | Killed Nessos
 18860 | Orc:2    | 18860 ||| FLEEEEING.
 18861 | Orc:2    | 18861 ||| FLEEEEING.
 18864 | Orc:2    | 18864 ||| FLEEEEING.
 18865 | Orc:2    | 18865 ||| FLEEEEING.
 18866 | Orc:2    | 18866 ||| FLEEEEING.
 18869 | Orc:2    | 18869 ||| FLEEEEING.
 18870 | Orc:2    | 18870 ||| FLEEEEING.
 18871 | Orc:2    | 18871 ||| FLEEEEING.
 18872 | Orc:2    | 18872 ||| FLEEEEING.
 18873 | Orc:2    | 18873 ||| FLEEEEING.
 18874 | Orc:2    | 18874 ||| FLEEEEING.
 18875 | Orc:2    | 18875 ||| FLEEEEING.
 18882 | Orc:2    | 18882 ||| FLEEEEING.
 18883 | Orc:2    | 18883 ||| FLEEEEING.
 18884 | Orc:2    | 18884 ||| FLEEEEING.
 18885 | Orc:2    | 18885 ||| FLEEEEING.
 18886 | Orc:2    | 18886 ||| FLEEEEING.
 18887 | Orc:2    | 18887 ||| FLEEEEING.
 18888 | Orc:2    | 18888 ||| FLEEEEING.
 18889 | Orc:2    | 18889 ||| FLEEEEING.
 18890 | Orc:2    | 18890 ||| STAIRDANCE
 19037 | Orc:2    | 19037 ||| DRINKING 5 potions of curing.
 19037 | Orc:2    | 19037 ||| (to cure confusion)
 19045 | Orc:2    | Noticed Blork the orc
 19046 | Orc:2    | 19046 ||| RETREEAATING.
 19048 | Orc:2    | 19048 ||| STILL RETREEAATING.
 19049 | Orc:2    | 19049 ||| STILL RETREEAATING.
 19050 | Orc:2    | 19050 ||| STILL RETREEAATING.
 19051 | Orc:2    | 19051 ||| STILL RETREEAATING.
 19052 | Orc:2    | 19052 ||| STILL RETREEAATING.
 19053 | Orc:2    | Killed Blork the orc
 19071 | Orc:2    | 19071 ||| Stepping ~*~*~tactically~*~*~ (retreating).
 19072 | Orc:2    | 19072 ||| RETREEAATING.
 19075 | Orc:2    | 19075 ||| STILL RETREEAATING.
 19098 | Orc:2    | Found Xemabb's General Store.
 19105 | Orc:2    | 19105 ||| BUYING scroll of teleportation (33 gold).
 19105 | Orc:2    | Bought a scroll of teleportation for 33 gold pieces
 19115 | Orc:2    | Found Kirphaell's Antique Weapon Emporium.
 19124 | Orc:2    | 19124 ||| BUYING +27 heavy crossbow "Sniper" {heavy, Acc+∞
                  | SInv} (1760 gold).
 19124 | Orc:2    | Bought the +27 heavy crossbow "Sniper" {heavy, Acc+∞ SInv}
                  | for 1760 gold pieces
 19124 | Orc:2    | Found the +27 heavy crossbow "Sniper" {heavy, Acc+∞ SInv}
 19124 | Orc:2    | 19124 ||| SWAPPING to +27 heavy crossbow "Sniper" {heavy,
                  | Acc+∞ SInv}.
 19125 | Orc:2    | 19125 ||| DROPPING +10 longbow of Triumph {heavy, rElec
                  | MP+9}.
 19154 | Orc:2    | Found Gexubok's Mayhem Merchandise.
 19232 | Orc:2    | Found Liklaome's Jewellery Emporium.
 19238 | Orc:2    | 19238 ||| SHOPLISTING brooch of Shielding {Spirit SH+8}
                  | (975 gold, have 119).
 19238 | Orc:2    | 19238 ||| SHOPLISTING ring of Gozag's Scorn {rF+ Will+
                  | Str+3 Slay+3 Stlth+} (910 gold, have 119).
 19346 | Orc:2    | Found Caxakad's Antique Armour Emporium.
 19424 | Orc:2    | 19424 ||| PLANNING SNAKE:1-3
 19594 | Snake:1  | Entered Level 1 of the Snake Pit
 19795 | Snake:1  | Noticed Aizul
 19796 | Snake:1  | 19796 ||| INVOKING Finesse.
 19799 | Snake:1  | Killed Aizul
 19980 | Snake:1  | Received a gift from Okawaru
 20073 | Snake:1  | Found Hadoxiz's Assorted Antiques.
 20083 | Snake:1  | 20083 ||| BUYING bone ring (165 gold).
 20083 | Snake:1  | Bought a bone ring for 165 gold pieces
 20083 | Snake:1  | 20083 ||| SHOPLISTING dyed leather armour (165 gold, have
                  | 77).
 20083 | Snake:1  | 20083 ||| BUYING ruby potion (29 gold).
 20083 | Snake:1  | Bought a ruby potion for 29 gold pieces
 20083 | Snake:1  | 20083 ||| SHOPLISTING scroll of teleportation (99 gold,
                  | have 48).
 20437 | Snake:1  | 20437 ||| DROPPING ring of flight.
 20438 | Snake:1  | 20438 ||| READING 7 scrolls of identify.
 20438 | Snake:1  | 20438 ||| IDENTIFYING ruby potion
 20446 | Snake:2  | Noticed Nikola
 20447 | Snake:2  | 20447 ||| INVOKING Finesse.
 20448 | Snake:2  | 20448 ||| STAIRDANCE
 20479 | Snake:2  | 20479 ||| STAIRDANCE
 20526 | Snake:2  | 20526 ||| STAIRDANCE
 20531 | Snake:2  | 20531 ||| STAIRDANCE
 20539 | Snake:2  | 20539 ||| INVOKING Finesse.
 20540 | Snake:2  | 20540 ||| STAIRDANCE
 20611 | Snake:2  | 20611 ||| STAIRDANCE
 20617 | Snake:2  | 20617 ||| STAIRDANCE
 20619 | Snake:1  | 20619 ||| INVOKING Finesse.
 20621 | Snake:1  | Killed Nikola
 20650 | Snake:2  | 20650 ||| STAIRDANCE
 20653 | Snake:1  | Reached skill level 21 in Ranged Weapons
 20660 | Snake:2  | 20660 ||| STAIRDANCE
 20663 | Snake:1  | Reached skill level 15 in Fighting
 20680 | Snake:2  | 20680 ||| STAIRDANCE
 20684 | Snake:1  | Received a gift from Okawaru
 20764 | Snake:2  | 20764 ||| STAIRDANCE
 20837 | Snake:2  | Found a hide-covered altar of Uskayaw.
 20926 | Snake:2  | Noticed Vashnia
 20926 | Snake:2  | 20926 ||| INVOKING Finesse.
 20934 | Snake:2  | Killed Vashnia
 20993 | Snake:2  | 20993 ||| RETREEAATING.
 21309 | Snake:3  | 21309 ||| Stepping ~*~*~tactically~*~*~ (retreating).
 21312 | Snake:3  | 21312 ||| Stepping ~*~*~tactically~*~*~ (retreating).
 21395 | Snake:3  | Received a gift from Okawaru
 21396 | Snake:3  | Reached XP level 17. HP: 113/113 MP: 24/24
 21449 | Snake:3  | Found a sparkling altar of Nemelex Xobeh.
 21455 | Snake:3  | 21455 ||| Stepping ~*~*~tactically~*~*~ (retreating).
 21456 | Snake:3  | 21456 ||| Stepping ~*~*~tactically~*~*~ (retreating).
 21457 | Snake:3  | 21457 ||| Stepping ~*~*~tactically~*~*~ (retreating).
 21458 | Snake:3  | 21458 ||| Stepping ~*~*~tactically~*~*~ (retreating).
 21459 | Snake:3  | 21459 ||| Stepping ~*~*~tactically~*~*~ (retreating).
 21460 | Snake:3  | 21460 ||| Stepping ~*~*~tactically~*~*~ (retreating).
 21461 | Snake:3  | 21461 ||| Stepping ~*~*~tactically~*~*~ (retreating).
 21645 | Snake:3  | 21645 ||| RETREEAATING.
 21651 | Snake:3  | 21651 ||| RETREEAATING.
 21653 | Snake:3  | 21653 ||| Stepping ~*~*~tactically~*~*~ (retreating).
 21656 | Snake:3  | 21656 ||| Stepping ~*~*~tactically~*~*~ (retreating).
 21657 | Snake:3  | 21657 ||| Stepping ~*~*~tactically~*~*~ (retreating).
 21820 | Snake:3  | 21820 ||| PLANNING SHOALS:1-3
 21922 | Shoals:1 | Entered Level 1 of the Shoals
 21927 | Shoals:1 | Received a gift from Okawaru
 21927 | Shoals:1 | Noticed Kirke
 21932 | Shoals:1 | Killed Kirke
 22242 | Shoals:1 | Received a gift from Okawaru
 22572 | Shoals:1 | Noticed a kraken
 22573 | Shoals:1 | 22573 ||| INVOKING Finesse.
 22579 | Shoals:1 | Killed a kraken
 22886 | Shoals:2 | Received a gift from Okawaru
 22887 | Shoals:2 | Found Mulyrej's Distillery.
 22896 | Shoals:2 | 22896 ||| INVOKING Finesse.
 22924 | Shoals:2 | 22924 ||| BUYING potion of curing (51 gold).
 22924 | Shoals:2 | Bought a potion of curing for 51 gold pieces
 22924 | Shoals:2 | 22924 ||| BUYING potion of curing (51 gold).
 22924 | Shoals:2 | Bought a potion of curing for 51 gold pieces
 22924 | Shoals:2 | 22924 ||| BUYING potion of enlightenment (85 gold).
 22924 | Shoals:2 | Bought a potion of enlightenment for 85 gold pieces
 22924 | Shoals:2 | 22924 ||| BUYING potion of mutation (136 gold).
 22924 | Shoals:2 | Bought a potion of mutation for 136 gold pieces
 22924 | Shoals:2 | 22924 ||| SHOPLISTING potion of mutation (136 gold, have
                  | 1).
 23238 | Shoals:2 | 23238 ||| RETREEAATING.
 23239 | Shoals:2 | 23239 ||| Stepping ~*~*~tactically~*~*~ (retreating).
 23319 | Shoals:2 | Found Caunaq's Firing Range.
 23485 | Shoals:2 | Identified the +0 hat of Okawaru's Castigation {rC++ Dex-5}
 23640 | Shoals:2 | 23640 ||| DROPPING +0 hat of Okawaru's Castigation {rC++
                  | Dex-5}.
 23641 | Shoals:2 | 23641 ||| DROPPING +6 ring of strength.
 23675 | Shoals:3 | Received a gift from Okawaru
 23721 | Shoals:3 | Reached XP level 18. HP: 120/120 MP: 25/25
 23738 | Shoals:3 | Found Guukaot's Weapon Shop.
 23870 | Shoals:3 | Noticed Bai Suzhen
 23871 | Shoals:3 | 23871 ||| INVOKING Finesse.
 23873 | Shoals:3 | Killed Bai Suzhen
 24137 | Shoals:3 | Received a gift from Okawaru
 24144 | Shoals:3 | Noticed Ilsuiw
 24151 | Shoals:3 | Killed Ilsuiw
 24153 | Shoals:3 | Reached skill level 24 in Ranged Weapons
 24467 | Shoals:3 | 24467 ||| PLANNING SNAKE:4
 24644 | Snake:4  | Entered Level 4 of the Snake Pit
 24658 | Snake:4  | Found Sobaal's Overcharged Wands.
 24676 | Snake:4  | Found a glowing golden altar of the Shining One.
 24679 | Snake:4  | 24679 ||| RETREEAATING.
 24680 | Snake:4  | 24680 ||| Stepping ~*~*~tactically~*~*~ (retreating).
 24683 | Snake:4  | 24683 ||| Stepping ~*~*~tactically~*~*~ (retreating).
 24748 | Snake:4  | Received a gift from Okawaru
 24943 | Snake:4  | 24943 ||| RETREEAATING.
 24964 | Snake:4  | 24964 ||| RETREEAATING.
 24969 | Snake:4  | 24969 ||| Stepping ~*~*~tactically~*~*~ (retreating).
 24970 | Snake:4  | 24970 ||| Stepping ~*~*~tactically~*~*~ (retreating).
 24971 | Snake:4  | 24971 ||| Stepping ~*~*~tactically~*~*~ (retreating).
 24972 | Snake:4  | 24972 ||| Stepping ~*~*~tactically~*~*~ (retreating).
 25151 | Snake:4  | Identified the ring "Xuli" {Int+4 Dex+6}
 25208 | Snake:4  | Found Fyupnip's Jewellery Emporium.
 25216 | Snake:4  | 25216 ||| SHOPLISTING amulet of reflection (570 gold, have
                  | 281).
 25263 | Snake:4  | 25263 ||| RETREEAATING.
 25264 | Snake:4  | 25264 ||| STILL RETREEAATING.
 25265 | Snake:4  | 25265 ||| STILL RETREEAATING.
 25266 | Snake:4  | 25266 ||| STILL RETREEAATING.
 25267 | Snake:4  | 25267 ||| STILL RETREEAATING.
 25268 | Snake:4  | 25268 ||| STILL RETREEAATING.
 25270 | Snake:4  | 25270 ||| FLEEEEING.
 25271 | Snake:4  | 25271 ||| STILL RETREEAATING.
 25272 | Snake:4  | 25272 ||| STILL RETREEAATING.
 25432 | Snake:4  | 25432 ||| FLEEEEING.
 25433 | Snake:4  | 25433 ||| FLEEEEING.
 25435 | Snake:4  | 25435 ||| FLEEEEING.
 25444 | Snake:4  | 25444 ||| FLEEEEING.
 25448 | Snake:4  | 25448 ||| FLEEEEING.
 25449 | Snake:4  | 25449 ||| FLEEEEING.
 25452 | Snake:4  | 25452 ||| FLEEEEING.
 25453 | Snake:4  | 25453 ||| FLEEEEING.
 25454 | Snake:4  | 25454 ||| FLEEEEING.
 25455 | Snake:4  | 25455 ||| FLEEEEING.
 25456 | Snake:4  | 25456 ||| STAIRDANCE
 25558 | Snake:3  | 25558 ||| UPGRADING to ring "Xuli" {Int+4 Dex+6}.
 25560 | Snake:3  | 25560 ||| DROPPING +5 ring of evasion.
 25596 | Snake:4  | 25596 ||| FLEEEEING.
 25597 | Snake:4  | 25597 ||| FLEEEEING.
 25598 | Snake:4  | 25598 ||| FLEEEEING.
 25601 | Snake:4  | 25601 ||| FLEEEEING.
 25602 | Snake:4  | 25602 ||| FLEEEEING.
 25603 | Snake:4  | 25603 ||| FLEEEEING.
 25604 | Snake:4  | 25604 ||| FLEEEEING.
 25905 | Snake:4  | Received a gift from Okawaru
 25932 | Snake:4  | 25932 ||| Stepping ~*~*~tactically~*~*~ (retreating).
 25933 | Snake:4  | 25933 ||| INVOKING Finesse.
 26066 | Snake:4  | 26066 ||| Stepping ~*~*~tactically~*~*~ (retreating).
 26069 | Snake:4  | 26069 ||| Stepping ~*~*~tactically~*~*~ (retreating).
 26070 | Snake:4  | 26070 ||| Stepping ~*~*~tactically~*~*~ (retreating).
 26085 | Snake:4  | 26085 ||| Stepping ~*~*~tactically~*~*~ (retreating).
 26135 | Snake:4  | 26135 ||| RETREEAATING.
 26136 | Snake:4  | 26136 ||| INVOKING Finesse.
 26138 | Snake:4  | 26138 ||| INVOKING Heroism.
 26288 | Snake:4  | Got a serpentine rune of Zot
 26289 | Snake:4  | 26289 ||| PLANNING VAULTS:1-4
 26656 | Vaults:1 | Entered Level 1 of the Vaults
 26665 | Vaults:1 | 26665 ||| RETREEAATING.
 26666 | Vaults:1 | 26666 ||| STILL RETREEAATING.
 26667 | Vaults:1 | 26667 ||| STILL RETREEAATING.
 26668 | Vaults:1 | 26668 ||| STILL RETREEAATING.
 26669 | Vaults:1 | 26669 ||| STILL RETREEAATING.
 26670 | Vaults:1 | 26670 ||| STILL RETREEAATING.
 26671 | Vaults:1 | 26671 ||| INVOKING Finesse.
 26674 | Vaults:1 | Received a gift from Okawaru
 26675 | Vaults:1 | Reached XP level 19. HP: 128/128 MP: 20/26
 26798 | Vaults:1 | 26798 ||| INVOKING Finesse.
 26833 | Vaults:1 | Found a portal to a secret trove of treasure.
 26867 | Vaults:1 | Found Vipod's Weapon Shop.
 26992 | Vaults:1 | Received a gift from Okawaru
 27100 | Vaults:1 | 27100 ||| FLEEEEING.
 27101 | Vaults:1 | 27101 ||| RETREEAATING.
 27102 | Vaults:1 | 27102 ||| STILL RETREEAATING.
 27103 | Vaults:1 | 27103 ||| STILL RETREEAATING.
 27104 | Vaults:1 | 27104 ||| STILL RETREEAATING.
 27105 | Vaults:1 | 27105 ||| STILL RETREEAATING.
 27106 | Vaults:1 | 27106 ||| STILL RETREEAATING.
 27107 | Vaults:1 | 27107 ||| STILL RETREEAATING.
 27108 | Vaults:1 | 27108 ||| STILL RETREEAATING.
 27109 | Vaults:1 | 27109 ||| STILL RETREEAATING.
 27111 | Vaults:1 | 27111 ||| Stepping ~*~*~tactically~*~*~ (retreating).
 27114 | Vaults:1 | 27114 ||| Stepping ~*~*~tactically~*~*~ (retreating).
 27115 | Vaults:1 | 27115 ||| Stepping ~*~*~tactically~*~*~ (retreating).
 27116 | Vaults:1 | 27116 ||| INVOKING Finesse.
 27120 | Abyss:2  | Cast into level 2 of the Abyss (a wizard)
 27159 | Abyss:2  | Gained mutation: Your spells are a little easier to cast,
                  | but a little less powerful. [a neqoxec]
 27189 | Abyss:2  | Found a corrupted altar of Lugonu.
 27192 | Abyss:2  | Found a corrupted altar of Lugonu.
 27192 | Abyss:2  | Found a corrupted altar of Lugonu.
 27196 | Vaults:1 | Escaped the Abyss
 27198 | Vaults:1 | 27198 ||| Stepping ~*~*~tactically~*~*~ (retreating).
 27199 | Vaults:1 | 27199 ||| Stepping ~*~*~tactically~*~*~ (retreating).
 27203 | Vaults:1 | 27203 ||| Stepping ~*~*~tactically~*~*~ (retreating).
 27204 | Vaults:1 | 27204 ||| Stepping ~*~*~tactically~*~*~ (retreating).
 27346 | Vaults:1 | 27346 ||| RETREEAATING.
 27349 | Vaults:1 | 27349 ||| RETREEAATING.
 27351 | Vaults:1 | 27351 ||| STILL RETREEAATING.
 27352 | Vaults:1 | 27352 ||| STILL RETREEAATING.
 27521 | Vaults:1 | 27521 ||| INVOKING Finesse.
 27523 | Vaults:1 | 27523 ||| RETREEAATING.
 27524 | Vaults:1 | 27524 ||| STILL RETREEAATING.
 27525 | Vaults:1 | 27525 ||| STILL RETREEAATING.
 27526 | Vaults:1 | 27526 ||| STILL RETREEAATING.
 27527 | Vaults:1 | 27527 ||| STILL RETREEAATING.
 27528 | Vaults:1 | 27528 ||| STILL RETREEAATING.
 27529 | Vaults:1 | 27529 ||| STILL RETREEAATING.
 27564 | Vaults:1 | Received a gift from Okawaru
 27642 | Vaults:1 | 27642 ||| Stepping ~*~*~tactically~*~*~ (retreating).
 27660 | Vaults:1 | 27660 ||| Stepping ~*~*~tactically~*~*~ (retreating).
 27827 | Vaults:1 | 27827 ||| RETREEAATING.
 27829 | Vaults:1 | 27829 ||| Stepping ~*~*~tactically~*~*~ (retreating).
 27830 | Vaults:1 | 27830 ||| Stepping ~*~*~tactically~*~*~ (retreating).
 27831 | Vaults:1 | 27831 ||| Stepping ~*~*~tactically~*~*~ (retreating).
 27832 | Vaults:1 | 27832 ||| Stepping ~*~*~tactically~*~*~ (retreating).
 27837 | Vaults:1 | HP: 32/130 [yaktaur captain (19)]
 27838 | Vaults:1 | 27838 ||| READING 19 scrolls of teleportation.
 28148 | Vaults:1 | Reached skill level 18 in Fighting
 28357 | Vaults:1 | 28357 ||| DROPPING +1 pair of gloves.
 28358 | Vaults:1 | 28358 ||| DROPPING +2 pair of boots.
 28359 | Vaults:1 | 28359 ||| READING 16 scrolls of identify.
 28359 | Vaults:1 | 28359 ||| IDENTIFYING emerald potion
 28360 | Vaults:1 | 28360 ||| DROPPING potion of berserk rage.
 28404 | Vaults:2 | Noticed Margery
 28405 | Vaults:2 | 28405 ||| DRINKING 2 potions of resistance.
 28406 | Vaults:2 | 28406 ||| INVOKING Finesse.
 28412 | Vaults:2 | Killed Margery
 28413 | Vaults:2 | 28413 ||| Stepping ~*~*~tactically~*~*~ (retreating).
 28528 | Vaults:2 | Noticed Zenata
 28529 | Vaults:2 | 28529 ||| RETREEAATING.
 28531 | Vaults:2 | 28531 ||| RETREEAATING.
 28533 | Vaults:2 | 28533 ||| RETREEAATING.
 28535 | Vaults:2 | 28535 ||| INVOKING Finesse.
 28536 | Vaults:2 | 28536 ||| Stepping ~*~*~tactically~*~*~ (retreating).
 28537 | Vaults:2 | Received a gift from Okawaru
 28538 | Vaults:2 | 28538 ||| Stepping ~*~*~tactically~*~*~ (retreating).
 28554 | Vaults:2 | Killed Zenata
 28701 | Vaults:2 | 28701 ||| INVOKING Finesse.
 28872 | Vaults:2 | 28872 ||| Stepping ~*~*~tactically~*~*~ (retreating).
 28873 | Vaults:2 | 28873 ||| Stepping ~*~*~tactically~*~*~ (retreating).
 28874 | Vaults:2 | 28874 ||| Stepping ~*~*~tactically~*~*~ (retreating).
 28875 | Vaults:2 | 28875 ||| RETREEAATING.
 28876 | Vaults:2 | 28876 ||| STILL RETREEAATING.
 28877 | Vaults:2 | 28877 ||| STILL RETREEAATING.
 28878 | Vaults:2 | 28878 ||| STILL RETREEAATING.
 28880 | Vaults:2 | Received a gift from Okawaru
 28883 | Vaults:2 | 28883 ||| INVOKING Finesse.
 28988 | Vaults:2 | 28988 ||| RETREEAATING.
 28989 | Vaults:2 | 28989 ||| STILL RETREEAATING.
 28991 | Vaults:2 | 28991 ||| STILL RETREEAATING.
 28992 | Vaults:2 | 28992 ||| STILL RETREEAATING.
 28995 | Vaults:2 | Reached XP level 20. HP: 136/136 MP: 27/27
 29001 | Vaults:2 | 29001 ||| RETREEAATING.
 29097 | Vaults:2 | 29097 ||| INVOKING Finesse.
 29098 | Vaults:2 | 29098 ||| Stepping ~*~*~tactically~*~*~ (retreating).
 29099 | Vaults:2 | 29099 ||| Stepping ~*~*~tactically~*~*~ (retreating).
 29100 | Vaults:2 | 29100 ||| Stepping ~*~*~tactically~*~*~ (retreating).
 29133 | Vaults:2 | 29133 ||| Stepping ~*~*~tactically~*~*~ (cloud).
 29134 | Vaults:2 | 29134 ||| Stepping ~*~*~tactically~*~*~ (cloud).
 29148 | Vaults:2 | 29148 ||| FLEEEEING.
 29149 | Vaults:2 | 29149 ||| FLEEEEING.
 29150 | Vaults:2 | 29150 ||| FLEEEEING.
 29151 | Vaults:2 | 29151 ||| FLEEEEING.
 29191 | Vaults:2 | 29191 ||| FLEEEEING.
 29193 | Vaults:2 | 29193 ||| FLEEEEING.
 29194 | Vaults:2 | 29194 ||| FLEEEEING.
 29195 | Vaults:2 | 29195 ||| FLEEEEING.
 29196 | Vaults:2 | 29196 ||| FLEEEEING.
 29197 | Vaults:2 | 29197 ||| FLEEEEING.
 29200 | Vaults:2 | 29200 ||| FLEEEEING.
 29208 | Vaults:2 | Reached skill level 12 in Dodging
 29350 | Vaults:2 | 29350 ||| RETREEAATING.
 29354 | Vaults:2 | 29354 ||| Stepping ~*~*~tactically~*~*~ (retreating).
 29355 | Vaults:2 | 29355 ||| Stepping ~*~*~tactically~*~*~ (retreating).
 29356 | Vaults:2 | 29356 ||| Stepping ~*~*~tactically~*~*~ (retreating).
 29357 | Vaults:2 | 29357 ||| Stepping ~*~*~tactically~*~*~ (retreating).
 29392 | Vaults:2 | Found Citug's Jewellery Emporium.
 29395 | Vaults:2 | 29395 ||| SHOPLISTING amulet "Mewnasim" {Acrobat -Cast
                  | rC+++ Dex+6 Slay-5} (849 gold, have 500).
 29395 | Vaults:2 | 29395 ||| BUYING amulet of reflection (450 gold).
 29395 | Vaults:2 | Bought an amulet of reflection for 450 gold pieces
 29412 | Vaults:2 | Received a gift from Okawaru
 29415 | Vaults:2 | 29415 ||| FLEEEEING.
 29421 | Vaults:2 | 29421 ||| FLEEEEING.
 29422 | Vaults:2 | 29422 ||| FLEEEEING.
 29423 | Vaults:2 | 29423 ||| FLEEEEING.
 29424 | Vaults:2 | 29424 ||| FLEEEEING.
 29425 | Vaults:2 | 29425 ||| FLEEEEING.
 29426 | Vaults:2 | 29426 ||| FLEEEEING.
 29427 | Vaults:2 | 29427 ||| FLEEEEING.
 29428 | Vaults:2 | 29428 ||| FLEEEEING.
 29429 | Vaults:2 | 29429 ||| FLEEEEING.
 29438 | Vaults:2 | 29438 ||| FLEEEEING.
 29439 | Vaults:2 | 29439 ||| FLEEEEING.
 29440 | Vaults:2 | 29440 ||| FLEEEEING.
 29441 | Vaults:2 | 29441 ||| FLEEEEING.
 29442 | Vaults:2 | 29442 ||| FLEEEEING.
 29544 | Vaults:2 | Found a staircase to the Crypt.
 29962 | Vaults:2 | 29962 ||| DROPPING amulet of regeneration.
 30042 | Vaults:3 | 30042 ||| RETREEAATING.
 30324 | Vaults:3 | 30324 ||| INVOKING Finesse.
 30338 | Vaults:3 | Received a gift from Okawaru
 30680 | Vaults:3 | 30680 ||| INVOKING Finesse.
 30710 | Vaults:3 | Received a gift from Okawaru
 31033 | Vaults:3 | 31033 ||| RETREEAATING.
 31034 | Vaults:3 | 31034 ||| STILL RETREEAATING.
 31035 | Vaults:3 | 31035 ||| STILL RETREEAATING.
 31515 | Vaults:4 | 31515 ||| STAIRDANCE
 31517 | Vaults:3 | 31517 ||| Stepping ~*~*~tactically~*~*~ (retreating).
 31518 | Vaults:3 | 31518 ||| Stepping ~*~*~tactically~*~*~ (retreating).
 31519 | Vaults:3 | 31519 ||| Stepping ~*~*~tactically~*~*~ (retreating).
 31520 | Vaults:3 | 31520 ||| Stepping ~*~*~tactically~*~*~ (retreating).
 31521 | Vaults:3 | 31521 ||| RETREEAATING.
 31715 | Vaults:4 | 31715 ||| RETREEAATING.
 31717 | Vaults:4 | 31717 ||| STILL RETREEAATING.
 31718 | Vaults:4 | 31718 ||| STILL RETREEAATING.
 31719 | Vaults:4 | 31719 ||| STILL RETREEAATING.
 31720 | Vaults:4 | 31720 ||| STILL RETREEAATING.
 31721 | Vaults:4 | 31721 ||| STILL RETREEAATING.
 31722 | Vaults:4 | 31722 ||| STILL RETREEAATING.
 31723 | Vaults:4 | 31723 ||| STILL RETREEAATING.
 31724 | Vaults:4 | 31724 ||| STILL RETREEAATING.
 31725 | Vaults:4 | 31725 ||| STILL RETREEAATING.
 31785 | Vaults:4 | 31785 ||| RETREEAATING.
 31786 | Vaults:4 | 31786 ||| Stepping ~*~*~tactically~*~*~ (retreating).
 31787 | Vaults:4 | 31787 ||| Stepping ~*~*~tactically~*~*~ (retreating).
 31788 | Vaults:4 | 31788 ||| Stepping ~*~*~tactically~*~*~ (retreating).
 31789 | Vaults:4 | 31789 ||| Stepping ~*~*~tactically~*~*~ (retreating).
 31790 | Vaults:4 | 31790 ||| Stepping ~*~*~tactically~*~*~ (retreating).
 31792 | Vaults:4 | Reached XP level 21. HP: 130/142 MP: 28/28
 31793 | Vaults:4 | 31793 ||| INVOKING Finesse.
 31806 | Vaults:4 | Received a gift from Okawaru
 32079 | Vaults:4 | Found a runed translucent door.
 32079 | Vaults:4 | Noticed TPoD's ghost (adept HOMo)
 32247 | Vaults:4 | 32247 ||| RETREEAATING.
 32248 | Vaults:4 | 32248 ||| STILL RETREEAATING.
 32304 | Vaults:4 | 32304 ||| FLEEEEING.
 32306 | Vaults:4 | 32306 ||| FLEEEEING.
 32307 | Vaults:4 | 32307 ||| FLEEEEING.
 32308 | Vaults:4 | 32308 ||| FLEEEEING.
 32310 | Vaults:4 | 32310 ||| FLEEEEING.
 32311 | Vaults:4 | 32311 ||| FLEEEEING.
 32312 | Vaults:4 | 32312 ||| FLEEEEING.
 32313 | Vaults:4 | 32313 ||| FLEEEEING.
 32314 | Vaults:4 | 32314 ||| FLEEEEING.
 32315 | Vaults:4 | 32315 ||| FLEEEEING.
 32316 | Vaults:4 | 32316 ||| FLEEEEING.
 32317 | Vaults:4 | 32317 ||| FLEEEEING.
 32318 | Vaults:4 | 32318 ||| FLEEEEING.
 32319 | Vaults:4 | 32319 ||| FLEEEEING.
 32320 | Vaults:4 | 32320 ||| FLEEEEING.
 32321 | Vaults:4 | 32321 ||| FLEEEEING.
 32322 | Vaults:4 | 32322 ||| FLEEEEING.
 32323 | Vaults:4 | 32323 ||| FLEEEEING.
 32324 | Vaults:4 | 32324 ||| FLEEEEING.
 32325 | Vaults:4 | 32325 ||| FLEEEEING.
 32326 | Vaults:4 | 32326 ||| FLEEEEING.
 32327 | Vaults:4 | 32327 ||| FLEEEEING.
 32328 | Vaults:4 | 32328 ||| FLEEEEING.
 32329 | Vaults:4 | 32329 ||| FLEEEEING.
 32330 | Vaults:4 | 32330 ||| FLEEEEING.
 32331 | Vaults:4 | 32331 ||| FLEEEEING.
 32332 | Vaults:4 | 32332 ||| FLEEEEING.
 32333 | Vaults:4 | 32333 ||| FLEEEEING.
 32334 | Vaults:4 | 32334 ||| FLEEEEING.
 32335 | Vaults:4 | 32335 ||| FLEEEEING.
 32336 | Vaults:4 | 32336 ||| FLEEEEING.
 32337 | Vaults:4 | 32337 ||| FLEEEEING.
 32338 | Vaults:4 | 32338 ||| FLEEEEING.
 32351 | Vaults:4 | 32351 ||| FLEEEEING.
 32354 | Vaults:4 | 32354 ||| FLEEEEING.
 32848 | Vaults:4 | 32848 ||| PLANNING SHOALS:4
 32848 | Vaults:4 | 32848 ||| DROPPING +2 cloak.
 32849 | Vaults:4 | 32849 ||| UPGRADING to +2 cloak of willpower.
 32859 | Vaults:4 | 32859 ||| DROPPING scarf of repulsion.
 33287 | Shoals:4 | Entered Level 4 of the Shoals
 33299 | Shoals:4 | 33299 ||| STAIRDANCE
 33370 | Shoals:4 | Found the +12 glaive of Prune {freeze, Prune}
 33383 | Shoals:4 | 33383 ||| Stepping ~*~*~tactically~*~*~ (cloud).
 33411 | Shoals:4 | Identified the +0 falchion "Pusuix" {chaos, Will+}
 33428 | Shoals:4 | Received a gift from Okawaru
 33694 | Shoals:4 | Reached skill level 12 in Armour
 33733 | Shoals:4 | 33733 ||| RETREEAATING.
 33735 | Shoals:4 | 33735 ||| STILL RETREEAATING.
 33737 | Shoals:4 | 33737 ||| STILL RETREEAATING.
 33744 | Shoals:4 | 33744 ||| FLEEEEING.
 33798 | Shoals:4 | Got a barnacled rune of Zot
 33812 | Shoals:4 | Reached skill level 27 in Ranged Weapons
 34168 | Shoals:4 | 34168 ||| PLANNING DEPTHS
 34168 | Shoals:4 | 34168 ||| DROPPING +4 ring of slaying {mikee}.
 34470 | Depths:1 | Entered Level 1 of the Depths
 34473 | Depths:1 | 34473 ||| STAIRDANCE
 34569 | Depths:1 | Found Arops's Book Shop.
 34576 | Depths:1 | 34576 ||| Stepping ~*~*~tactically~*~*~ (retreating).
 34577 | Depths:1 | 34577 ||| Stepping ~*~*~tactically~*~*~ (retreating).
 34578 | Depths:1 | 34578 ||| Stepping ~*~*~tactically~*~*~ (retreating).
 34580 | Depths:1 | 34580 ||| INVOKING Finesse.
 34811 | Depths:1 | Received a gift from Okawaru
 34818 | Depths:1 | Noticed a juggernaut
 34819 | Depths:1 | 34819 ||| INVOKING Finesse.
 34820 | Depths:1 | Noticed a caustic shrike
 34827 | Depths:1 | Killed a juggernaut
 34830 | Depths:1 | Killed a caustic shrike
 34855 | Depths:1 | 34855 ||| DROPPING +1 leather armour of fire resistance.
 34856 | Depths:1 | 34856 ||| FLEEEEING.
 34859 | Depths:1 | 34859 ||| FLEEEEING.
 34860 | Depths:1 | 34860 ||| FLEEEEING.
 34861 | Depths:1 | 34861 ||| FLEEEEING.
 34862 | Depths:1 | 34862 ||| FLEEEEING.
 35054 | Depths:1 | 35054 ||| RETREEAATING.
 35055 | Depths:1 | 35055 ||| STILL RETREEAATING.
 35056 | Depths:1 | 35056 ||| Stepping ~*~*~tactically~*~*~ (retreating).
 35057 | Depths:1 | 35057 ||| Stepping ~*~*~tactically~*~*~ (retreating).
 35059 | Depths:1 | 35059 ||| STILL RETREEAATING.
 35060 | Depths:1 | 35060 ||| STILL RETREEAATING.
 35061 | Depths:1 | 35061 ||| STILL RETREEAATING.
 35062 | Depths:1 | 35062 ||| Stepping ~*~*~tactically~*~*~ (retreating).
 35063 | Depths:1 | 35063 ||| INVOKING Finesse.
 35064 | Depths:1 | 35064 ||| Stepping ~*~*~tactically~*~*~ (retreating).
 35065 | Depths:1 | 35065 ||| Stepping ~*~*~tactically~*~*~ (retreating).
 35066 | Depths:1 | 35066 ||| Stepping ~*~*~tactically~*~*~ (retreating).
 35067 | Depths:1 | 35067 ||| Stepping ~*~*~tactically~*~*~ (retreating).
 35068 | Depths:1 | 35068 ||| Stepping ~*~*~tactically~*~*~ (retreating).
 35217 | Depths:1 | 35217 ||| INVOKING Finesse.
 35219 | Depths:1 | Received a gift from Okawaru
 35295 | Depths:1 | Found a one-way gate to the infinite horrors of the Abyss.
 35465 | Depths:1 | 35465 ||| Stepping ~*~*~tactically~*~*~ (retreating).
 35467 | Depths:1 | 35467 ||| Stepping ~*~*~tactically~*~*~ (retreating).
 35468 | Depths:1 | 35468 ||| Stepping ~*~*~tactically~*~*~ (retreating).
 35469 | Depths:1 | 35469 ||| Stepping ~*~*~tactically~*~*~ (retreating).
 35470 | Depths:1 | 35470 ||| Stepping ~*~*~tactically~*~*~ (retreating).
 35471 | Depths:1 | 35471 ||| Stepping ~*~*~tactically~*~*~ (retreating).
 35507 | Depths:1 | Found a gateway to Hell.
 35590 | Depths:2 | 35590 ||| STAIRDANCE
 35595 | Depths:2 | 35595 ||| STAIRDANCE
 35600 | Depths:2 | 35600 ||| STAIRDANCE
 35602 | Depths:1 | 35602 ||| Stepping ~*~*~tactically~*~*~ (retreating).
 35603 | Depths:1 | 35603 ||| Stepping ~*~*~tactically~*~*~ (retreating).
 35604 | Depths:1 | 35604 ||| INVOKING Finesse.
 35650 | Depths:2 | 35650 ||| RETREEAATING.
 35651 | Depths:2 | 35651 ||| STILL RETREEAATING.
 35652 | Depths:2 | 35652 ||| STILL RETREEAATING.
 35653 | Depths:2 | 35653 ||| STILL RETREEAATING.
 35659 | Depths:2 | 35659 ||| INVOKING Finesse.
 35661 | Depths:2 | Reached XP level 22. HP: 124/152 MP: 23/29
 35670 | Depths:2 | 35670 ||| Stepping ~*~*~tactically~*~*~ (retreating).
 35671 | Depths:2 | Received a gift from Okawaru
 35673 | Depths:2 | 35673 ||| Stepping ~*~*~tactically~*~*~ (retreating).
 35674 | Depths:2 | 35674 ||| Stepping ~*~*~tactically~*~*~ (retreating).
 35675 | Depths:2 | 35675 ||| Stepping ~*~*~tactically~*~*~ (retreating).
 35676 | Depths:2 | 35676 ||| Stepping ~*~*~tactically~*~*~ (retreating).
 35677 | Depths:2 | 35677 ||| Stepping ~*~*~tactically~*~*~ (retreating).
 35682 | Depths:2 | HP: 36/152 [smoke demon] (4)]
 35683 | Depths:2 | 35683 ||| READING 18 scrolls of teleportation.
 35684 | Depths:2 | 35684 ||| DRINKING 5 potions of heal wounds.
 35688 | Depths:2 | HP: 32/152 [burnt (8)]
 35965 | Depths:2 | Noticed a juggernaut
 35966 | Depths:2 | Found a runed translucent door.
 35967 | Depths:2 | Identified the +5 morningstar of the Sea {freeze, Dex+3}
 35968 | Depths:2 | Noticed a juggernaut
 35999 | Depths:2 | 35999 ||| INVOKING Finesse.
 36033 | Depths:2 | Noticed Norris
 36036 | Depths:2 | 36036 ||| RETREEAATING.
 36037 | Depths:2 | Killed Norris
 36062 | Depths:2 | 36062 ||| RETREEAATING.
 36064 | Depths:2 | 36064 ||| RETREEAATING.
 36066 | Depths:2 | 36066 ||| RETREEAATING.
 36068 | Depths:2 | 36068 ||| RETREEAATING.
 36149 | Depths:2 | 36149 ||| RETREEAATING.
 36161 | Depths:2 | Identified the +0 ring mail of Inference {Will+ rCorr}
 36220 | Depths:2 | 36220 ||| RETREEAATING.
 36221 | Depths:2 | 36221 ||| STILL RETREEAATING.
 36223 | Depths:2 | 36223 ||| STILL RETREEAATING.
 36274 | Depths:2 | 36274 ||| INVOKING Finesse.
 36317 | Depths:2 | 36317 ||| RETREEAATING.
 36318 | Depths:2 | 36318 ||| INVOKING Finesse.
 36319 | Depths:2 | 36319 ||| Stepping ~*~*~tactically~*~*~ (retreating).
 36327 | Depths:2 | Received a gift from Okawaru
 36334 | Depths:2 | Reached skill level 21 in Fighting
 36397 | Depths:2 | Found a one-way gate leading to the halls of Pandemonium.
 36423 | Depths:2 | 36423 ||| INVOKING Finesse.
 36873 | Depths:2 | 36873 ||| DROPPING +0 ring mail of Inference {Will+ rCorr}.
 36905 | Depths:3 | 36905 ||| INVOKING Finesse.
 36906 | Depths:3 | 36906 ||| STAIRDANCE
 36985 | Depths:3 | 36985 ||| INVOKING Finesse.
 36986 | Depths:3 | 36986 ||| STAIRDANCE
 37064 | Depths:3 | 37064 ||| STAIRDANCE
 37171 | Depths:3 | 37171 ||| INVOKING Finesse.
 37172 | Depths:3 | 37172 ||| STAIRDANCE
 37253 | Depths:3 | 37253 ||| INVOKING Finesse.
 37254 | Depths:3 | 37254 ||| STAIRDANCE
 37333 | Depths:3 | 37333 ||| INVOKING Finesse.
 37334 | Depths:3 | 37334 ||| STAIRDANCE
 37510 | Depths:3 | 37510 ||| INVOKING Heroism.
 37511 | Depths:3 | 37511 ||| STAIRDANCE
 37575 | Depths:3 | 37575 ||| INVOKING Heroism.
 37576 | Depths:3 | 37576 ||| STAIRDANCE
 37640 | Depths:3 | 37640 ||| INVOKING Heroism.
 37641 | Depths:3 | 37641 ||| STAIRDANCE
 37705 | Depths:3 | 37705 ||| INVOKING Heroism.
 37706 | Depths:3 | 37706 ||| STAIRDANCE
 37770 | Depths:3 | 37770 ||| INVOKING Heroism.
 37771 | Depths:3 | 37771 ||| STAIRDANCE
 37835 | Depths:3 | 37835 ||| INVOKING Heroism.
 37836 | Depths:3 | 37836 ||| STAIRDANCE
 37900 | Depths:3 | 37900 ||| INVOKING Heroism.
 37903 | Depths:3 | 37903 ||| STAIRDANCE
 38029 | Depths:3 | Found Ysmoabb's Antique Armour Boutique.
 38041 | Depths:3 | 38041 ||| BUYING glowing ring mail (217 gold).
 38041 | Depths:3 | Bought a glowing ring mail for 217 gold pieces
 38041 | Depths:3 | 38041 ||| BUYING runed ring mail (217 gold).
 38041 | Depths:3 | Bought a runed ring mail for 217 gold pieces
 38095 | Depths:3 | 38095 ||| DROPPING +3 ring mail of willpower.
 38096 | Depths:3 | 38096 ||| DROPPING +2 robe of resistance.
 38117 | Depths:3 | Found Qixtaop's Antique Weapon Shoppe.
 38119 | Depths:3 | Found Dumiech's General Store.
 38119 | Depths:3 | Found Ziephan's Antique Weapon Shoppe.
 38124 | Depths:3 | Found Gisughec's Weapon Emporium.
 38139 | Depths:3 | 38139 ||| FLEEEEING.
 38140 | Depths:3 | 38140 ||| FLEEEEING.
 38141 | Depths:3 | 38141 ||| FLEEEEING.
 38142 | Depths:3 | 38142 ||| FLEEEEING.
 38143 | Depths:3 | 38143 ||| FLEEEEING.
 38144 | Depths:3 | 38144 ||| FLEEEEING.
 38145 | Depths:3 | 38145 ||| FLEEEEING.
 38146 | Depths:3 | 38146 ||| FLEEEEING.
 38150 | Depths:3 | 38150 ||| FLEEEEING.
 38151 | Depths:3 | 38151 ||| FLEEEEING.
 38152 | Depths:3 | 38152 ||| FLEEEEING.
 38153 | Depths:3 | 38153 ||| FLEEEEING.
 38154 | Depths:3 | 38154 ||| FLEEEEING.
 38155 | Depths:3 | 38155 ||| FLEEEEING.
 38156 | Depths:3 | 38156 ||| FLEEEEING.
 38157 | Depths:3 | 38157 ||| FLEEEEING.
 38158 | Depths:3 | 38158 ||| FLEEEEING.
 38163 | Depths:3 | 38163 ||| STAIRDANCE
 38456 | Depths:3 | 38456 ||| BUYING potion of curing (42 gold).
 38456 | Depths:3 | Bought a potion of curing for 42 gold pieces
 38483 | Depths:3 | You are sucked into a shaft and drop 1 floor!
 38483 | Depths:4 | Entered Level 4 of the Depths
 38500 | Depths:4 | 38500 ||| INVOKING Heroism.
 38501 | Depths:4 | Noticed Boris
 38502 | Depths:4 | 38502 ||| RETREEAATING.
 38503 | Depths:4 | 38503 ||| STILL RETREEAATING.
 38504 | Depths:4 | 38504 ||| STILL RETREEAATING.
 38504 | Depths:4 | Noticed a juggernaut
 38505 | Depths:4 | 38505 ||| STILL RETREEAATING.
 38506 | Depths:4 | 38506 ||| STILL RETREEAATING.
 38507 | Depths:4 | 38507 ||| STILL RETREEAATING.
 38509 | Depths:4 | HP: 20/155 [disintegration (77)]
 38510 | Depths:4 | 38510 ||| READING 19 scrolls of teleportation.
 38511 | Depths:4 | 38511 ||| DRINKING 4 potions of heal wounds.
 38512 | Depths:4 | 38512 ||| DRINKING 3 potions of heal wounds.
 38513 | Depths:4 | 38513 ||| DRINKING 2 potions of heal wounds.
 38515 | Depths:4 | 38515 ||| Stepping ~*~*~tactically~*~*~ (retreating).
 38522 | Depths:4 | HP: 32/155 [spriggan air mage/the air (11)]
 38523 | Depths:4 | 38523 ||| READING 18 scrolls of teleportation.
 38524 | Depths:4 | 38524 ||| DRINKING potion of heal wounds.
 38526 | Depths:4 | 38526 ||| Stepping ~*~*~tactically~*~*~ (retreating).
 38527 | Depths:4 | 38527 ||| Stepping ~*~*~tactically~*~*~ (retreating).
 38528 | Depths:4 | 38528 ||| Stepping ~*~*~tactically~*~*~ (retreating).
 38529 | Depths:4 | 38529 ||| Stepping ~*~*~tactically~*~*~ (retreating).
 38530 | Depths:4 | 38530 ||| Stepping ~*~*~tactically~*~*~ (retreating).
 38531 | Depths:4 | 38531 ||| Stepping ~*~*~tactically~*~*~ (retreating).
 38532 | Depths:4 | 38532 ||| Stepping ~*~*~tactically~*~*~ (retreating).
 38533 | Depths:4 | 38533 ||| Stepping ~*~*~tactically~*~*~ (retreating).
 38534 | Depths:4 | 38534 ||| INVOKING Heroism.
 38536 | Depths:4 | HP: 33/155 [sphinx/divine providence (8)]
 38537 | Depths:4 | 38537 ||| READING 17 scrolls of teleportation.
 38538 | Depths:4 | Killed a juggernaut
 38540 | Depths:4 | 38540 ||| READING 16 scrolls of teleportation.
 38543 | Depths:4 | 38543 ||| READING 15 scrolls of teleportation.
 38807 | Depths:4 | Noticed Jory
 38808 | Depths:4 | 38808 ||| RETREEAATING.
 38809 | Depths:4 | 38809 ||| INVOKING Finesse.
 38813 | Depths:4 | Killed Jory
 38814 | Depths:4 | Reached skill level 15 in Dodging
 39032 | Depths:4 | 39032 ||| INVOKING Heroism.
 39096 | Depths:4 | 39096 ||| RETREEAATING.
 39396 | Depths:4 | Reached XP level 23. HP: 160/160 MP: 30/30
 39396 | Depths:4 | Found a gate to the Realm of Zot.
 39481 | Depths:4 | Noticed Vv
 39482 | Depths:4 | 39482 ||| DRINKING potion of resistance.
 39483 | Depths:4 | 39483 ||| INVOKING Finesse.
 39487 | Depths:4 | 39487 ||| RETREEAATING.
 39488 | Depths:4 | 39488 ||| STILL RETREEAATING.
 39489 | Depths:4 | Killed Vv
 39599 | Depths:4 | Noticed a golden dragon
 39605 | Depths:4 | 39605 ||| INVOKING Finesse.
 39607 | Depths:4 | 39607 ||| RETREEAATING.
 39608 | Depths:4 | Killed a golden dragon
 39612 | Depths:4 | Killed Boris
 39612 | Depths:4 | Received a gift from Okawaru
 39671 | Depths:4 | Found a one-way gateway to a ziggurat.
 39672 | Depths:4 | 39672 ||| DROPPING ring of fire.
 39743 | Depths:4 | Found an ornate altar of the Wu Jian Council.
 39848 | Depths:4 | 39848 ||| INVOKING Finesse.
 40243 | Depths:4 | 40243 ||| PLANNING VAULTS:5
 40244 | Depths:4 | Gained mutation: You are occasionally teleported next to
                  | monsters. [mutagenic glow]
 40254 | Depths:4 | Gained mutation: You occasionally lose the ability to drink
                  | potions when taking damage. [mutagenic glow]
 40270 | Depths:3 | Gained mutation: You are dopey. (Int -2) [mutagenic glow]
 40298 | Depths:3 | 40298 ||| DRINKING 5 potions of mutation.
 40298 | Depths:3 | Lost mutation: You are occasionally teleported next to
                  | monsters. [potion of mutation]
 40298 | Depths:3 | Lost mutation: You occasionally lose the ability to drink
                  | potions when taking damage. [potion of mutation]
 40298 | Depths:3 | Lost mutation: You are dopey. (Int -2) [potion of mutation]
 40298 | Depths:3 | Lost mutation: Your spells are a little easier to cast, but
                  | a little less powerful. [potion of mutation]
 40298 | Depths:3 | Gained mutation: You have sharp toenails. [potion of
                  | mutation]
 40454 | Depths:3 | 40454 ||| INVOKING Finesse.
 40622 | Depths:3 | Reached skill level 15 in Armour
 40852 | Depths:3 | Identified the +1 rapier of Opilehul {venom, rF++ rC+
                  | Dex+2}
 40856 | Depths:3 | 40856 ||| DROPPING ring of resist corrosion.
 41126 | Vaults:5 | Entered Level 5 of the Vaults
 41127 | Vaults:5 | 41127 ||| RETREEAATING.
 41128 | Vaults:5 | 41128 ||| STAIRDANCE
 41130 | Vaults:4 | 41130 ||| Stepping ~*~*~tactically~*~*~ (retreating).
 41131 | Vaults:4 | 41131 ||| Stepping ~*~*~tactically~*~*~ (retreating).
 41132 | Vaults:4 | 41132 ||| Stepping ~*~*~tactically~*~*~ (retreating).
 41133 | Vaults:4 | 41133 ||| Stepping ~*~*~tactically~*~*~ (retreating).
 41316 | Vaults:5 | 41316 ||| INVOKING Heroism.
 41317 | Vaults:5 | 41317 ||| INVOKING Finesse.
 41332 | Vaults:5 | 41332 ||| STAIRDANCE
 41332 | Vaults:5 | HP: 39/162 [vault guard/+2 great sword (16)]
 41334 | Vaults:4 | 41334 ||| READING 15 scrolls of teleportation.
 41337 | Vaults:4 | 41337 ||| Stepping ~*~*~tactically~*~*~ (retreating).
 42020 | Vaults:5 | 42020 ||| STAIRDANCE
 42022 | Vaults:4 | 42022 ||| Stepping ~*~*~tactically~*~*~ (retreating).
 42023 | Vaults:4 | 42023 ||| Stepping ~*~*~tactically~*~*~ (retreating).
 42024 | Vaults:4 | 42024 ||| Stepping ~*~*~tactically~*~*~ (retreating).
 42026 | Vaults:4 | 42026 ||| Stepping ~*~*~tactically~*~*~ (retreating).
 42027 | Vaults:4 | 42027 ||| Stepping ~*~*~tactically~*~*~ (retreating).
 42028 | Vaults:4 | 42028 ||| Stepping ~*~*~tactically~*~*~ (retreating).
 42032 | Vaults:4 | 42032 ||| INVOKING Finesse.
 42169 | Vaults:5 | 42169 ||| STAIRDANCE
 42171 | Vaults:4 | 42171 ||| Stepping ~*~*~tactically~*~*~ (retreating).
 42172 | Vaults:4 | 42172 ||| Stepping ~*~*~tactically~*~*~ (retreating).
 42173 | Vaults:4 | 42173 ||| Stepping ~*~*~tactically~*~*~ (retreating).
 42291 | Vaults:5 | 42291 ||| STAIRDANCE
 42453 | Vaults:5 | 42453 ||| STAIRDANCE
 42569 | Vaults:5 | Received a gift from Okawaru
 42569 | Vaults:5 | Noticed an ancient lich
 42570 | Vaults:5 | 42570 ||| STAIRDANCE
 42731 | Vaults:5 | 42731 ||| INVOKING Finesse.
 42732 | Vaults:5 | 42732 ||| STAIRDANCE
 42865 | Vaults:5 | 42865 ||| STAIRDANCE
 42867 | Vaults:4 | 42867 ||| INVOKING Finesse.
 42868 | Vaults:4 | Killed an ancient lich
 43073 | Vaults:5 | 43073 ||| STAIRDANCE
 43223 | Vaults:5 | Noticed a dread lich
 43224 | Vaults:5 | 43224 ||| RETREEAATING.
 43229 | Vaults:5 | 43229 ||| INVOKING Finesse.
 43231 | Vaults:5 | Killed a dread lich
 43277 | Vaults:5 | Noticed a golden dragon
 43278 | Vaults:5 | 43278 ||| INVOKING Heroism.
 43282 | Vaults:5 | Killed a golden dragon
 43302 | Vaults:5 | 43302 ||| FLEEEEING.
 43303 | Vaults:5 | 43303 ||| FLEEEEING.
 43304 | Vaults:5 | 43304 ||| FLEEEEING.
 43305 | Vaults:5 | 43305 ||| FLEEEEING.
 43306 | Vaults:5 | 43306 ||| FLEEEEING.
 43307 | Vaults:5 | 43307 ||| FLEEEEING.
 43308 | Vaults:5 | 43308 ||| FLEEEEING.
 43311 | Vaults:5 | 43311 ||| FLEEEEING.
 43312 | Vaults:5 | 43312 ||| FLEEEEING.
 43313 | Vaults:5 | 43313 ||| FLEEEEING.
 43314 | Vaults:5 | 43314 ||| FLEEEEING.
 43315 | Vaults:5 | 43315 ||| FLEEEEING.
 43316 | Vaults:5 | 43316 ||| FLEEEEING.
 43317 | Vaults:5 | 43317 ||| FLEEEEING.
 43318 | Vaults:5 | 43318 ||| STAIRDANCE
 43536 | Vaults:5 | 43536 ||| INVOKING Heroism.
 43571 | Vaults:5 | Noticed a golden dragon
 43575 | Vaults:5 | Killed a golden dragon
 43599 | Vaults:5 | 43599 ||| Stepping ~*~*~tactically~*~*~ (retreating).
 43600 | Vaults:5 | 43600 ||| Stepping ~*~*~tactically~*~*~ (retreating).
 43652 | Vaults:5 | Received a gift from Okawaru
 43653 | Vaults:5 | Identified the +10 orcbow of Descent {speed, Dex+2 Stlth+}
 43654 | Vaults:5 | Identified the +0 leather armour of Nimmih {Int+4}
 43657 | Vaults:5 | Identified the +3 arbalest of the End of Times {penet,
                  | Fragile Str+4 SInv}
 43664 | Vaults:5 | Identified a scroll of acquirement
 43674 | Vaults:5 | 43674 ||| READING scroll of acquirement.
 43674 | Vaults:5 | 43674 ||| 43674 ||| Offered ring of Harmony {rElec rN+
                  | Will+}
 43674 | Vaults:5 | 43674 ||| 43674 ||| Offered staff of conjuration
 43674 | Vaults:5 | 43674 ||| 43674 ||| Offered +0 pair of gloves of Cocytus
                  | {rF+}
 43674 | Vaults:5 | 43674 ||| 43674 ||| Offered 1151 gold pieces
 43674 | Vaults:5 | 43674 ||| ACQUIRING +0 pair of gloves of Cocytus {rF+}
 43674 | Vaults:5 | Acquired the +0 pair of gloves of Cocytus {rF+}
 43676 | Vaults:5 | 43676 ||| DROPPING +0 leather armour of Nimmih {Int+4}.
 43737 | Vaults:5 | 43737 ||| RETREEAATING.
 43739 | Vaults:5 | Identified the +3 rapier of the Tooth {heavy, MP+9 Dex+2}
 43765 | Vaults:5 | Got a silver rune of Zot
 43835 | Vaults:5 | Reached XP level 24. HP: 171/171 MP: 30/30
 44283 | Vaults:5 | Received a gift from Okawaru
 44380 | Vaults:5 | Noticed a dread lich
 44381 | Vaults:5 | 44381 ||| INVOKING Finesse.
 44382 | Vaults:5 | Killed a dread lich
 44416 | Vaults:5 | Identified the +7 arbalest of Obiter Dictum {speed, rElec
                  | rCorr Str+3 Int-5}
 44558 | Vaults:5 | 44558 ||| PLANNING SHOPPING SPREE
 44558 | Vaults:5 | 44558 ||| DROPPING +2 hat.
 44559 | Vaults:5 | 44559 ||| UPGRADING to +0 pair of gloves of Cocytus {rF+}.
 44947 | Snake:1  | 44947 ||| BUYING dyed leather armour (165 gold).
 44947 | Snake:1  | Bought a dyed leather armour for 165 gold pieces
 44947 | Snake:1  | 44947 ||| BUYING scroll of teleportation (99 gold).
 44947 | Snake:1  | Bought a scroll of teleportation for 99 gold pieces
 44947 | Snake:1  | 44947 ||| DROPPING +3 leather armour.
 45034 | Shoals:2 | 45034 ||| BUYING potion of mutation (136 gold).
 45034 | Shoals:2 | Bought a potion of mutation for 136 gold pieces
 45319 | Vaults:2 | 45319 ||| BUYING amulet "Mewnasim" {Acrobat -Cast rC+++
                  | Dex+6 Slay-5} (849 gold).
 45319 | Vaults:2 | Bought the amulet "Mewnasim" {Acrobat -Cast rC+++ Dex+6
                  | Slay-5} for 849 gold pieces
 45319 | Vaults:2 | 45319 ||| CLEARING SHOPPING LIST
 45319 | Vaults:2 | 45319 ||| SAVING
 45319 | Vaults:2 | 45319 ||| SAVING
 45319 | Vaults:2 | 45319 ||| Stepping randomly (stuck).
 45320 | Vaults:2 | Upgraded the game from 0.31-a0-844-gdc52ec4e09 to
                  | 0.31-a0-845-g9abc20d24f
 45320 | Vaults:2 | 45320 ||| PLANNING ZOT:1-4
 45320 | Vaults:2 | 45320 ||| UPGRADING to +4 ring mail of fire resistance.
 45655 | Zot:1    | Entered Level 1 of the Realm of Zot
 45656 | Zot:1    | 45656 ||| INVOKING Finesse.
 45657 | Zot:1    | 45657 ||| STAIRDANCE
 45680 | Zot:1    | 45680 ||| STAIRDANCE
 45686 | Zot:1    | 45686 ||| STAIRDANCE
 45778 | Zot:1    | 45778 ||| STAIRDANCE
 45779 | Zot:1    | 45779 ||| INVOKING Finesse.
 45783 | Zot:1    | 45783 ||| STAIRDANCE
 45785 | Depths:4 | 45785 ||| Stepping ~*~*~tactically~*~*~ (retreating).
 45839 | Zot:1    | 45839 ||| STAIRDANCE
 45946 | Zot:1    | 45946 ||| READING 2 scrolls of enchant armour.
 45946 | Zot:1    | 45946 ||| ENCHANTING +4 ring mail of fire resistance.
 46187 | Zot:1    | Identified the ring of Generosity {+Blink rF+ Will+ Int+5}
 46303 | Zot:1    | 46303 ||| Stepping ~*~*~tactically~*~*~ (retreating).
 46304 | Zot:1    | 46304 ||| Stepping ~*~*~tactically~*~*~ (retreating).
 46305 | Zot:1    | 46305 ||| INVOKING Finesse.
 46306 | Zot:1    | Received a gift from Okawaru
 46307 | Zot:1    | 46307 ||| Stepping ~*~*~tactically~*~*~ (retreating).
 46310 | Zot:1    | 46310 ||| Stepping ~*~*~tactically~*~*~ (retreating).
 46311 | Zot:1    | 46311 ||| Stepping ~*~*~tactically~*~*~ (retreating).
 46462 | Zot:1    | 46462 ||| DRINKING potion of experience.
 46462 | Zot:1    | Reached skill level 24 in Fighting
 46462 | Zot:1    | Reached XP level 25. HP: 178/178 MP: 30/30
 46534 | Zot:1    | 46534 ||| Stepping ~*~*~tactically~*~*~ (retreating).
 46535 | Zot:1    | 46535 ||| Stepping ~*~*~tactically~*~*~ (retreating).
 46536 | Zot:1    | 46536 ||| Stepping ~*~*~tactically~*~*~ (retreating).
 46831 | Zot:1    | 46831 ||| DROPPING +4 ring of protection.
 46850 | Zot:2    | 46850 ||| STAIRDANCE
 46851 | Zot:2    | 46851 ||| Stepping ~*~*~tactically~*~*~ (retreating).
 46852 | Zot:2    | 46852 ||| Stepping ~*~*~tactically~*~*~ (retreating).
 46853 | Zot:2    | 46853 ||| INVOKING Finesse.
 46854 | Zot:2    | 46854 ||| INVOKING Heroism.
 46862 | Zot:2    | 46862 ||| Stepping ~*~*~tactically~*~*~ (retreating).
 46863 | Zot:2    | 46863 ||| Stepping ~*~*~tactically~*~*~ (retreating).
 46864 | Zot:2    | 46864 ||| Stepping ~*~*~tactically~*~*~ (retreating).
 46865 | Zot:2    | 46865 ||| Stepping ~*~*~tactically~*~*~ (retreating).
 46866 | Zot:2    | 46866 ||| Stepping ~*~*~tactically~*~*~ (retreating).
 46867 | Zot:2    | 46867 ||| Stepping ~*~*~tactically~*~*~ (retreating).
 47183 | Zot:2    | Noticed an orb of fire
 47184 | Zot:2    | 47184 ||| INVOKING Finesse.
 47186 | Zot:2    | 47186 ||| Stepping ~*~*~tactically~*~*~ (retreating).
 47187 | Zot:2    | 47187 ||| Stepping ~*~*~tactically~*~*~ (retreating).
 47188 | Zot:2    | 47188 ||| Stepping ~*~*~tactically~*~*~ (retreating).
 47189 | Zot:2    | 47189 ||| Stepping ~*~*~tactically~*~*~ (retreating).
 47190 | Zot:2    | 47190 ||| Stepping ~*~*~tactically~*~*~ (retreating).
 47191 | Zot:2    | 47191 ||| Stepping ~*~*~tactically~*~*~ (retreating).
 47196 | Zot:2    | Killed an orb of fire
 47307 | Zot:2    | 47307 ||| Stepping ~*~*~tactically~*~*~ (retreating).
 47311 | Zot:2    | 47311 ||| Stepping ~*~*~tactically~*~*~ (retreating).
 47312 | Zot:2    | 47312 ||| Stepping ~*~*~tactically~*~*~ (retreating).
 47320 | Zot:2    | 47320 ||| Stepping ~*~*~tactically~*~*~ (retreating).
 47321 | Zot:2    | 47321 ||| Stepping ~*~*~tactically~*~*~ (retreating).
 47322 | Zot:2    | 47322 ||| Stepping ~*~*~tactically~*~*~ (retreating).
 47323 | Zot:2    | 47323 ||| INVOKING Finesse.
 47327 | Zot:2    | Reached skill level 18 in Dodging
 47602 | Zot:2    | Reached XP level 26. HP: 137/183 MP: 4/30
 48102 | Zot:3    | 48102 ||| FLEEEEING.
 48103 | Zot:3    | 48103 ||| STAIRDANCE
 48177 | Zot:3    | 48177 ||| INVOKING Finesse.
 48179 | Zot:3    | 48179 ||| STAIRDANCE
 48489 | Zot:3    | 48489 ||| Stepping ~*~*~tactically~*~*~ (retreating).
 48499 | Zot:3    | 48499 ||| Stepping ~*~*~tactically~*~*~ (retreating).
 48500 | Zot:3    | 48500 ||| Stepping ~*~*~tactically~*~*~ (retreating).
 48524 | Zot:3    | Received a gift from Okawaru
 48621 | Zot:3    | 48621 ||| INVOKING Finesse.
 48628 | Zot:3    | 48628 ||| Stepping ~*~*~tactically~*~*~ (retreating).
 48629 | Zot:3    | 48629 ||| Stepping ~*~*~tactically~*~*~ (retreating).
 48630 | Zot:3    | 48630 ||| Stepping ~*~*~tactically~*~*~ (retreating).
 48669 | Zot:3    | 48669 ||| FLEEEEING.
 48675 | Zot:3    | 48675 ||| STAIRDANCE
 49164 | Zot:4    | Noticed an orb of fire
 49165 | Zot:4    | 49165 ||| DRINKING 2 potions of resistance.
 49166 | Zot:4    | 49166 ||| Stepping ~*~*~tactically~*~*~ (retreating).
 49168 | Zot:4    | 49168 ||| INVOKING Finesse.
 49169 | Zot:4    | 49169 ||| DRINKING potion of resistance.
 49172 | Zot:4    | Killed an orb of fire
 49383 | Zot:4    | 49383 ||| Stepping ~*~*~tactically~*~*~ (retreating).
 49384 | Zot:4    | 49384 ||| Stepping ~*~*~tactically~*~*~ (retreating).
 49385 | Zot:4    | 49385 ||| INVOKING Finesse.
 49649 | Zot:4    | Received a gift from Okawaru
 49893 | Zot:4    | 49893 ||| PLANNING ORB
 49948 | Zot:5    | Entered Level 5 of the Realm of Zot
 50041 | Zot:5    | Reached skill level 18 in Armour
 50359 | Zot:5    | 50359 ||| Stepping ~*~*~tactically~*~*~ (retreating).
 50360 | Zot:5    | 50360 ||| Stepping ~*~*~tactically~*~*~ (retreating).
 50361 | Zot:5    | 50361 ||| Stepping ~*~*~tactically~*~*~ (retreating).
 50362 | Zot:5    | 50362 ||| Stepping ~*~*~tactically~*~*~ (retreating).
 50363 | Zot:5    | Noticed a dread lich
 50364 | Zot:5    | 50364 ||| INVOKING Finesse.
 50365 | Zot:5    | Noticed an orb of fire
 50366 | Zot:5    | 50366 ||| DRINKING potion of resistance.
 50366 | Zot:5    | Noticed an orb of fire
 50370 | Zot:5    | Killed a dread lich
 50373 | Zot:5    | Killed an orb of fire
 50373 | Zot:5    | Received a gift from Okawaru
 50375 | Zot:5    | Gained mutation: You are occasionally teleported next to
                  | monsters. [an orb of fire]
 50376 | Zot:5    | Killed an orb of fire
 50382 | Zot:5    | Noticed an orb of fire
 50384 | Zot:5    | Killed an orb of fire
 50397 | Zot:5    | Noticed a dread lich
 50398 | Zot:5    | 50398 ||| INVOKING Finesse.
 50400 | Zot:5    | Killed a dread lich
 50423 | Zot:5    | Noticed a Killer Klown
 50447 | Zot:5    | 50447 ||| INVOKING Finesse.
 50448 | Zot:5    | Killed a Killer Klown
 50449 | Zot:5    | Reached XP level 27. HP: 168/196 MP: 25/30
 50463 | Zot:5    | Noticed an orb of fire
 50478 | Zot:5    | Killed an orb of fire
 50526 | Zot:5    | 50526 ||| DRINKING 5 potions of mutation.
 50526 | Zot:5    | Lost mutation: You are occasionally teleported next to
                  | monsters. [potion of mutation]
 50526 | Zot:5    | Lost mutation: You have sharp toenails. [potion of
                  | mutation]
 50526 | Zot:5    | Gained mutation: You are somewhat resistant to further
                  | mutation. [potion of mutation]
 50526 | Zot:5    | Lost mutation: You are somewhat resistant to further
                  | mutation. [potion of mutation]
 50526 | Zot:5    | Gained mutation: You expend magic power (3 MP) to
                  | strengthen your wands. [potion of mutation]
 50530 | Zot:5    | Noticed an orb of fire
 50531 | Zot:5    | 50531 ||| INVOKING Finesse.
 50533 | Zot:5    | Killed an orb of fire
 50541 | Zot:5    | Noticed an orb of fire
 50545 | Zot:5    | Killed an orb of fire
 50644 | Zot:5    | Received a gift from Okawaru
 50652 | Zot:5    | Got the Orb of Zot
 50653 | Zot:5    | 50653 ||| PLANNING ESCAPE
 50654 | Zot:5    | Noticed an orb of fire
 50654 | Zot:5    | Noticed an orb of fire
 50655 | Zot:5    | 50655 ||| DRINKING 6 potions of haste.
 50656 | Zot:5    | 50656 ||| INVOKING Finesse.
 50659 | Zot:5    | Killed an orb of fire
 50662 | Zot:5    | Killed an orb of fire
 50663 | Zot:5    | Noticed an orb of fire
 50665 | Zot:5    | 50665 ||| Stepping ~*~*~tactically~*~*~ (retreating).
 50670 | Zot:5    | Killed an orb of fire
 50671 | Zot:5    | Reached skill level 27 in Fighting
 50673 | Zot:5    | 50673 ||| UPGRADING to +2 pair of gloves.
 50680 | Zot:5    | 50680 ||| UPGRADING to +2 pair of gloves.
 50680 | Zot:5    | Noticed an orb of fire
 50685 | Zot:5    | 50685 ||| FLEEEEING.
 50686 | Zot:5    | 50686 ||| FLEEEEING.
 50687 | Zot:5    | 50687 ||| FLEEEEING.
 50688 | Zot:5    | 50688 ||| FLEEEEING.
 50689 | Zot:5    | Gained mutation: You possess an exceptional clarity of
                  | mind. [an orb of fire]
 50691 | Zot:5    | Killed an orb of fire
 50697 | Zot:5    | 50697 ||| FLEEEEING.
 50698 | Zot:5    | 50698 ||| FLEEEEING.
 50699 | Zot:5    | 50699 ||| FLEEEEING.
 50700 | Zot:5    | 50700 ||| FLEEEEING.
 50701 | Zot:5    | 50701 ||| FLEEEEING.
 50702 | Zot:5    | 50702 ||| FLEEEEING.
 50703 | Zot:5    | 50703 ||| FLEEEEING.
 50731 | Zot:5    | Noticed Kilatics the pandemonium lord
 50731 | Zot:5    | 50731 ||| DRINKING 5 potions of haste.
 50732 | Zot:5    | 50732 ||| Stepping ~*~*~tactically~*~*~ (retreating).
 50733 | Zot:5    | 50733 ||| Stepping ~*~*~tactically~*~*~ (retreating).
 50734 | Zot:5    | 50734 ||| Stepping ~*~*~tactically~*~*~ (retreating).
 50735 | Zot:5    | 50735 ||| Stepping ~*~*~tactically~*~*~ (retreating).
 50736 | Zot:5    | 50736 ||| Stepping ~*~*~tactically~*~*~ (retreating).
 50740 | Zot:5    | HP: 13/199 [disintegration[Kilatics] (69)]
 50741 | Zot:5    | 50741 ||| READING 22 scrolls of teleportation.
 50742 | Zot:5    | 50742 ||| DRINKING potion of heal wounds.
 50743 | Zot:5    | Received a gift from Okawaru
 50762 | Zot:5    | 50762 ||| FLEEEEING.
 50763 | Zot:5    | 50763 ||| READING 21 scrolls of teleportation.
 50765 | Zot:5    | Killed Kilatics the pandemonium lord
 50772 | Zot:5    | Noticed an ancient lich
 50773 | Zot:5    | 50773 ||| READING 20 scrolls of teleportation.
 50774 | Zot:5    | 50774 ||| DRINKING 4 potions of haste.
 50777 | Zot:5    | Killed an ancient lich
 50785 | Zot:5    | 50785 ||| Stepping randomly (stuck).
 50786 | Zot:5    | 50786 ||| Stepping randomly (stuck).
 50787 | Zot:5    | 50787 ||| READING 19 scrolls of teleportation.
 50790 | Zot:5    | Noticed a dread lich
 50793 | Zot:5    | 50793 ||| Stepping ~*~*~tactically~*~*~ (retreating).
 50795 | Zot:5    | 50795 ||| Stepping ~*~*~tactically~*~*~ (retreating).
 50797 | Zot:5    | 50797 ||| FLEEEEING.
 50798 | Zot:5    | 50798 ||| FLEEEEING.
 50799 | Zot:5    | 50799 ||| FLEEEEING.
 50800 | Zot:5    | 50800 ||| FLEEEEING.
 50801 | Zot:5    | 50801 ||| FLEEEEING.
 50802 | Zot:5    | 50802 ||| FLEEEEING.
 50803 | Zot:5    | 50803 ||| FLEEEEING.
 50813 | Zot:5    | 50813 ||| READING 18 scrolls of teleportation.
 50820 | Zot:5    | 50820 ||| FLEEEEING.
 50851 | Zot:5    | 50851 ||| FLEEEEING.
 50852 | Zot:5    | 50852 ||| FLEEEEING.
 50853 | Zot:5    | 50853 ||| FLEEEEING.
 50854 | Zot:5    | 50854 ||| FLEEEEING.
 50855 | Zot:5    | 50855 ||| STAIRDANCE
 51084 | Depths:4 | 51084 ||| Stepping ~*~*~tactically~*~*~ (retreating).
 51085 | Depths:4 | 51085 ||| Stepping ~*~*~tactically~*~*~ (retreating).
 51086 | Depths:4 | 51086 ||| Stepping ~*~*~tactically~*~*~ (retreating).
 51087 | Depths:4 | 51087 ||| Stepping ~*~*~tactically~*~*~ (retreating).
 51088 | Depths:4 | 51088 ||| Stepping ~*~*~tactically~*~*~ (retreating).
 51365 | D:10     | Noticed Rit Boc the pandemonium lord
 51365 | D:10     | 51365 ||| DRINKING 3 potions of haste.
 51366 | D:10     | 51366 ||| INVOKING Finesse.
 51371 | D:10     | Killed Rit Boc the pandemonium lord
 51571 | D:$      | Escaped with the Orb!

Levels and vault maps discovered:
D:1:      moated_graveyard_arrival, layout_basic, st_stairs_12, minmay_3d_cube
D:2:      layout_loops_cross, serial_shops, nicolae_lakefront_shop, basic_altar,
          ebering_dispersal_statue_hall
D:3:      layout_basic, lemuel_coloured_pillars_altar, gup_sewer_entry_bowl
D:4:      layout_basic, minmay_temple_entry_statues_fountains,
          corexii_item_surrounded_by_moat
D:5:      layout_cave_pools, nicolae_overflow_hidden_temple,
          nicolae_ru_the_path_less_chosen, nemelex_spade_bored_becter,
          dancing_weapons_uskayaw, uniq_prince_ribbit1
D:6:      layout_basic, uniq_menkaure
D:7:      cheibrodos_two_vegetables, layout_basic,
          mainiacjoe_overflow_small_starburst, kennysheep_generic_room_6
D:8:      cheibrodos_shockbox, layout_loops_ring, kennysheep_little_box,
          gammafunk_ghost_hydra_chop, serial_shops, shop
D:9:      layout_roguey, tso_altar, makhleb_altar_promises_db, serial_bayou,
          serial_bayou_pond_b, serial_bayou_shore_a, serial_bayou_ford_a,
          serial_bayou_pond_b
D:10:     layout_roguey, kennysheep_orc_sif_temple, yredelemnul_altar_generic,
          uniq_gastronok, uniq_amaemon, uniq_erica, uniq_harold
D:11:     gammafunk_the_bubble [the_bubble_gammafunk_split],
          layout_loops_corners, lair_entry_dummy, orc_0_dummy
D:12:     layout_roguey, gammafunk_ghost_stat_death, kb_lookout_dungeons_type
D:13:     layout_roguey
D:14:     layout_basic, david_vaults_4, hangedman_decor_opposing,
          minmay_joined_circles, uniq_agnes
D:15:     grunt_enter_depths_magical_seal, layout_loops_ring, serial_shops,
          shop_scrolls, minmay_misc_feat_rows, minmay_crystal_room
Temple:   jpeg_temple_clearing
Lair:1:   layout_regular_city
Lair:2:   layout_cave_pods, evilmike_ambush [evilmike_ambush_outer_basic,
          evilmike_ambush_inner_basic]
Lair:3:   layout_long_grid, shoals_dummy_entry, nicolae_snake_entry_squirm,
          nicolae_volcano_entry_s_turn
Lair:4:   layout_small_grid, gauntlet_entry_generic, lemuel_fruit_fields
Lair:5:   hangedman_lair_tendril_chambers, layout_gridlike,
          guppyfry_lair_end_dragon, minmay_slime_entry_jelly_boxes,
          chequers_serial_rivers_marsh
Shoals:1: layout_shoals, uniq_kirke
Shoals:2: layout_shoals, serial_shops, shop, nicolae_shop_firing_range
Shoals:3: layout_shoals, serial_shops, shop, uniq_bai_suzhen, uniq_ilsuiw
Shoals:4: shoals_end_grunt_garden, layout_shoals
Snake:1:  layout_onion_interference, serial_shops, shop, uniq_aizul
Snake:2:  layout_cave_shapes, basic_altar, uniq_nikola, uniq_vashnia
Snake:3:  layout_misc_corridors, basic_altar, nicolae_coiled_stairwell_down,
          grunt_megastairs_2
Snake:4:  snake_pit_salamanders_mu, layout_basic, serial_shops,
          nicolae_shop_peninsula, basic_altar, grunt_ministairs_9,
          nicolae_shop_overcharged_wands
Orc:1:    layout_caves, uniq_nergalle, uniq_jorgrun, uniq_sonja
Orc:2:    grunt_orc_cross, layout_caves, minmay_shop_mayhem, uniq_nessos
Vaults:1: vaults_mumra_lcd, v_misc_17, nicolae_vaults_sightless_eye,
          nicolae_vaults_angled_halls, st_hourglassy,
          ontoclasm_vaults_loading_screen, layout_vaults_chaotic_city,
          nicolae_trove_entry_columns, serial_shops,
          nicolae_shop_tiny_waterfront
Vaults:2: st_lines, minmay_crypt_entry_nasty_monster, hangedman_vaults_slice,
          vaults_room_fancy_cross, hangedman_vaults_stitches, v_misc_23,
          v_pattern_3, nicolae_vaults_angled_halls,
          nicolae_vaults_three_branches, nicolae_vaults_six-pack,
          vaults_room_pools, ontoclasm_vaults_gateway,
          nicolae_vaults_frosty_reception, nicolae_vaults_circle_grid_a,
          nicolae_vaults_tetromino_T_2, layout_vaults_maze, serial_shops,
          nicolae_shop_real_fake_doors, uniq_margery, uniq_zenata
Vaults:3: nicolae_vaults_what_the_h, vaults_room_grid,
          hangedman_vaults_variations, v_misc_3, nicolae_vaults_surprise_closet,
          layout_vaults_omnigrid
Vaults:4: hellmonk_ghost_happy_afterlife, ontoclasm_vaults_misaligned,
          nicolae_vaults_trapezoid_3, nicolae_vaults_tetromino_L_2,
          v_alt_pattern_1, nicolae_vaults_layer_cake_slice,
          nicolae_vaults_tetromino_Z_2, nicolae_vaults_angled_halls,
          nicolae_vaults_little_squares_4, hangedman_vaults_capsules,
          kb_rosetta, hangedman_vaults_corner_blocks,
          nicolae_vaults_back_hallway, nicolae_vaults_mini_display_case,
          vaults_room_fours, nicolae_vaults_sealed_display,
          nicolae_vaults_ring_of_whatevers, layout_vaults_omnibox
Vaults:5
Depths:1: layout_honeycomb, hangedman_abyss_entry_splay, hell_entry,
          nzn_random_ring, minmay_shop_star
Depths:2: minmay_gate_of_8, layout_gridlike, hellmouth_3,
          minmay_splitting_lines, pan_entry, minmay_gold_behind_fungi,
          infiniplex_staircase_pool_2, uniq_norris
Depths:3: gammafunk_mikee_crab_dinner, layout_gridlike, kennysheep_cross_room,
          hellmouth_1, abyss_entry_small_statue_room, serial_shops, shop,
          minmay_staircase_bubble, minmay_shoptagon, firewood_loft
Depths:4: grunt_zot_entry_hairpin, layout_gridlike, enter_ziggurat_c,
          serial_sigils, serial_sigils_hangedman_shear,
          serial_sigils_hangedman_scratch, serial_sigils_hangedman_gnaw,
          serial_sigils_hangedman_quiver, pf_coc_iceberg,
          pdpol_wu_jian_five_deadly_venoms, uniq_jory, uniq_vv, uniq_boris
Zot:1:    layout_cellular_growth
Zot:2:    layout_onion_interference, st_stairs_9, zot_minivault_3
Zot:3:    kennysheep_room_grid, layout_cathedral_of_symmetry
Zot:4:    layout_gridlike
Zot:5:    layout_basic, nicolae_zot_crop_circle

Skill      XL: |  1  2  3  4  5  6  7  8  9 10 11 12 13 14 15 16 17 18 19 20 21 22 23 24 25 26 27 |
---------------+----------------------------------------------------------------------------------+-----
Ranged Weapons | 5 6 7 8 9 11 12 13 15 16 18 20 21 23 24 25 26 27 | 27.0
Fighting       | 3 4 6 8 9 10 12 13 14 15 16 17 18 20 21 23 24 26 27 | 27.0
Armour         | 1 2 3 6 7 8 9 10 11 13 14 15 16 17 18 | 18.5
Dodging        | 2 3 4 7 8 9 11 12 13 15 16 17 18 19 20 | 20.0
Invocations    | 3 4 7 10 11 | 11.6
Stealth        | |  1.1

Action                     |  1- 3 |  4- 6 |  7- 9 | 10-12 | 13-15 | 16-18 | 19-21 | 22-24 | 25-27 || total
---------------------------+-------+-------+-------+-------+-------+-------+-------+-------+-------++-------
   Fire: Shortbow          |    99 |   111 |   202 |       |       |       |       |       |       ||   412
         Orcbow            |       |       |    97 |   744 |   517 |       |       |       |       ||  1358
         Longbow           |       |       |       |       |   447 |   138 |       |       |       ||   585
         Heavy crossbow    |       |       |       |       |       |   461 |   615 |   521 |   414 ||  2011
 Invoke: Heroism           |       |       |     3 |     1 |       |     1 |       |    13 |     1 ||    19
         Finesse           |       |       |       |     9 |     6 |    12 |    17 |    23 |    13 ||    80
         Receive Weapon    |       |       |       |       |     1 |       |       |       |       ||     1
         Receive Armour    |       |       |       |       |     1 |       |       |       |       ||     1
    Use: Scroll            |     7 |     6 |     8 |    11 |     9 |     1 |     2 |     9 |     5 ||    58
         Potion            |     1 |     1 |       |     2 |     1 |     1 |     1 |     8 |     9 ||    24
 Armour: Leather armour    |    19 |       |    51 |   134 |       |       |       |       |       ||   204
         Ring mail         |       |     5 |       |    20 |   413 |   243 |   308 |   328 |   235 ||  1552
         Robe              |       |    12 |     8 |       |       |       |       |       |       ||    20
         Troll leather arm |       |       |       |    37 |       |       |       |       |       ||    37
  Dodge: Dodged            |    15 |    34 |   104 |   246 |   597 |   399 |   374 |   449 |   400 ||  2618
         Repelled          |       |       |       |       |     7 |    11 |     4 |       |       ||    22

Table legend:
 A = Non-vault XP
 B = Vault XP
 C = Vault XP percentage of total XP
 D = Non-vault monster count
 E = Vault monster count
 F = Vault count percentage of total count
                 A         B        C        D         E       F
            +---------+---------+-------+---------+---------+-------
      Total |  674099 |  533067 |  44.2 |    1232 |     619 |  33.4
            +---------+---------+-------+---------+---------+-------
        D:1 |      36 |      14 |  28.0 |      22 |       7 |  24.1
        D:2 |      28 |       0 |   0.0 |       8 |       0 |   0.0
        D:3 |      77 |      23 |  23.0 |      15 |       4 |  21.1
        D:4 |     590 |       0 |   0.0 |      25 |       0 |   0.0
        D:5 |     356 |     255 |  41.7 |      13 |       1 |   7.1
        D:6 |    1390 |     172 |  11.0 |      28 |       1 |   3.4
        D:7 |     985 |    1123 |  53.3 |      25 |      10 |  28.6
        D:8 |    2529 |       0 |   0.0 |      37 |       0 |   0.0
        D:9 |    2603 |     911 |  25.9 |      30 |       4 |  11.8
       D:10 |    5123 |    4606 |  47.3 |      23 |      10 |  30.3
       D:11 |    5590 |       0 |   0.0 |      24 |       0 |   0.0
       D:12 |    1341 |     106 |   7.3 |      10 |       1 |   9.1
       D:13 |   13755 |    1357 |   9.0 |      34 |       1 |   2.9
       D:14 |    9586 |    6837 |  41.6 |      18 |      12 |  40.0
       D:15 |    8057 |    4404 |  35.3 |      18 |       9 |  33.3
     Lair:1 |    1177 |       0 |   0.0 |       5 |       0 |   0.0
     Lair:2 |    3616 |    1803 |  33.3 |      14 |       5 |  26.3
     Lair:3 |    3556 |     489 |  12.1 |      12 |       3 |  20.0
     Lair:4 |    3786 |       0 |   0.0 |      14 |       0 |   0.0
     Lair:5 |   19622 |   14341 |  42.2 |      50 |      62 |  55.4
   Shoals:1 |   22992 |    1951 |   7.8 |      45 |       4 |   8.2
   Shoals:2 |   20563 |       0 |   0.0 |      38 |       0 |   0.0
   Shoals:3 |   15789 |    6654 |  29.6 |      34 |       5 |  12.8
   Shoals:4 |    5654 |   16445 |  74.4 |      13 |      28 |  68.3
    Snake:1 |   16894 |    3635 |  17.7 |      32 |       2 |   5.9
    Snake:2 |    5345 |    5716 |  51.7 |      11 |       5 |  31.2
    Snake:3 |   15464 |    4055 |  20.8 |      36 |       9 |  20.0
    Snake:4 |   12952 |   39457 |  75.3 |      25 |      60 |  70.6
      Orc:1 |    1953 |    3421 |  63.7 |      22 |       3 |  12.0
      Orc:2 |    4666 |    8615 |  64.9 |      32 |      39 |  54.9
   Vaults:1 |   39944 |    9124 |  18.6 |      62 |      11 |  15.1
   Vaults:2 |   31650 |   37455 |  54.2 |      41 |      40 |  49.4
   Vaults:3 |   34057 |   14621 |  30.0 |      48 |      23 |  32.4
   Vaults:4 |   26127 |   35758 |  57.8 |      40 |      34 |  45.9
   Vaults:5 |   12344 |   75951 |  86.0 |      22 |      62 |  73.8
   Depths:1 |   28061 |   21465 |  43.3 |      38 |      18 |  32.1
   Depths:2 |   44809 |   14445 |  24.4 |      49 |      19 |  27.9
   Depths:3 |   25204 |   10194 |  28.8 |      31 |      18 |  36.7
   Depths:4 |   41124 |   24135 |  37.0 |      39 |      18 |  31.6
      Zot:1 |   45576 |       0 |   0.0 |      38 |       0 |   0.0
      Zot:2 |   42533 |   21696 |  33.8 |      34 |      15 |  30.6
      Zot:3 |   38393 |   12697 |  24.9 |      32 |      11 |  25.6
      Zot:4 |   33544 |       0 |   0.0 |      23 |       0 |   0.0
      Zot:5 |   20708 |  124681 |  85.8 |      15 |      48 |  76.2
    Abyss:2 |    3950 |       0 |   0.0 |       7 |       0 |   0.0
   Gauntlet |       0 |    4455 | 100.0 |       0 |      17 | 100.0
            +---------+---------+-------+---------+---------+-------
